Cogmind - Beta 15 @@@ ROGUE MODE // 2025.08.11 @ 14:39:42 Player: C0-2MO Result: Destroyed by B-99 Colossus with Linear Accelerator Performance ------------- Evolutions (9) 4500 Regions Visited (27) 5400 Robots Destroyed (127) 635 Value Destroyed (5832) 5832 Prototype IDs (136) 2720 Alien Tech Used (10) 2000 Bonus (21480) 21480 TOTAL SCORE: 42567 Bonus ------- Triggered Max Security 2000 High Alert Combat Kills 2480 Follower Combat Kills 3572 Network Hubs Disabled 200 Registered with UFD 300 Met Zhirov 300 Found Hidden Lab 3000 Used Core Reset Matrix 3000 Hacked Protovariant 500 Scanned by Researcher 500 Pursued by Intercept 1000 Met Sigix 2000 Activated Exoskeleton 3000 Friendly Fire -372 Cogmind --------- Core Integrity 0/1600 Matter 300/300 Energy 100/100 System Corruption 0% +Membrane Temperature Cool (0) +ITN Movement Core (50) Location -1/Access Parts ------- > --- POWER (2) -------- (None) > --- PROPULSION (9) --- (None) > --- UTILITY (12) ----- Experimental Signal Interpreter Experimental Core Analyzer Graphene Brace Deep Network Scanner A0-MCA's Component Scanner > --- WEAPON (3) ------- (None) > --- INVENTORY (5) ---- Experimental Core Analyzer Sigix Containment Pod Peak State ------------ > --- POWER ------------ Micro Antimatter Reactor Light Quantum Reactor > --- PROPULSION ------- Cooled Nuclear Pulse Thruster Cooled Nuclear Pulse Thruster Cooled Field Propulsion Drive Cooled Field Propulsion Drive Field Propulsion Array Field Propulsion Array > --- UTILITY ---------- Experimental Cooling System Large Storage Unit Advanced Gravity Neutralizer Experimental Optical Array Experimental Signal Interpreter Experimental Core Analyzer Medium Regenerative Plating Graphene Brace Experimental Hacking Suite Deep Network Scanner Ghost Barrier A0-MCA's Component Scanner > --- WEAPON ----------- Sigix Sheargun Sigix Sheargun > --- INVENTORY -------- Micro Fission Core Cooled Field Propulsion Drive Experimental Core Analyzer Stasis Canceller Transdimensional Reconstructor Core Expander Sigix Sheargun Enhanced Nova Cannon Hellfire Missile Launcher Guided Remote Datajack Sigix Broadsword Sigix Containment Pod [Rating: 204] Favorites ----------- Power Ion Engine Engine Ion Engine Power Core Micro Fission Core Reactor Micro Antimatter Reactor Propulsion Spiked Treads Treads Spiked Treads Wheel Subdweller Monowheel Hover Unit Gravmag System Flight Unit Cooled Nuclear Pulse Thruster Utility Structural Scanner Device Structural Scanner Storage High-capacity Storage Unit Processor Enhanced Optical Array Hackware Hacking Suite Protection Medium Regenerative Plating Weapon Subdweller Beam Cannon Energy Gun Tachyon Dispersion Ray Energy Cannon Subdweller Beam Cannon Ballistic Gun Light Assault Rifle Ballistic Cannon Bore Cannon Launcher Hellfire Missile Launcher Special Weapon Improved Remote Datajack Impact Weapon Heavy Flail Slashing Weapon Molecular Scythe Piercing Weapon Enhanced Force Lance Special Melee Weapon Advanced Datajack Build | -11 -10 -10 -9 -9 -6 -6 -6 -6 -6 -6 -6 -5 -5 -5 -5 -5 -5 -4 -4 -4 -4 -3 -3 -2 -2 -2 -1 ------- Run | Yrd Mat Sub Rec Scr Fac Was Fac Ext Cet Arc Hub Fac Was Fac Upp Upp Zhi Pro Fac Arm Lab Res Tes Res Qua Sec Acc Slots Evolved 17 | . . . . . 8 . . . . . . 2 . . . . . . 2 . . 2 . 2 . . 1 Power 1 | . . . . . . . . . . . . . . . . . . . 1 . . . . . . . . Propulsion 7 | . . . . . 4 . . . . . . 1 . . . . . . 1 . . . . . . . 1 Utility 9 | . . . . . 4 . . . . . . 1 . . . . . . . . . 2 . 2 . . . Weapon . | . . . . . . . . . . . . . . . . . . . . . . . . . . . . Parts Attached 180 | 6 11 24 . . 20 . 14 4 4 10 . 9 . 3 2 . 8 . 11 6 3 5 6 11 1 8 14 Power 19 | 1 1 2 . . 2 . 1 . . 1 . 1 . 1 . . 1 . 2 1 . 1 . 2 . . 2 Engine 6 | 1 1 2 . . . . . . . 1 . . . . . . . . 1 . . . . . . . . Core 4 | . . . . . 2 . . . . . . . . 1 . . . . 1 . . . . . . . . Reactor 9 | . . . . . . . 1 . . . . 1 . . . . 1 . . 1 . 1 . 2 . . 2 Propulsion 59 | 2 2 11 . . 6 . 3 1 1 5 . 4 . 2 1 . 3 . 2 3 . . 3 1 . 1 8 Treads 6 | 1 1 3 . . . . . . 1 . . . . . . . . . . . . . . . . . . Leg . | . . . . . . . . . . . . . . . . . . . . . . . . . . . . Wheel 10 | 1 1 8 . . . . . . . . . . . . . . . . . . . . . . . . . Hover 6 | . . . . . 1 . . . . 5 . . . . . . . . . . . . . . . . . Flight 37 | . . . . . 5 . 3 1 . . . 4 . 2 1 . 3 . 2 3 . . 3 1 . 1 8 Utility 60 | 1 2 4 . . 9 . 8 1 1 3 . 2 . . 1 . 3 . 5 . 1 3 1 7 . 5 3 Device 24 | 1 . 1 . . 4 . 4 . . . . 1 . . . . 2 . 4 . . 1 . 1 . 2 3 Storage 5 | . . 1 . . . . . . . . . . . . 1 . 1 . . . . . . 2 . . . Processor 12 | . 1 . . . 3 . 1 . . . . . . . . . . . . . 1 1 . 2 . 3 . Hackware 14 | . . . . . 2 . 3 . . 3 . 1 . . . . . . 1 . . 1 1 2 . . . Protection 5 | . 1 2 . . . . . 1 1 . . . . . . . . . . . . . . . . . . Artifact . | . . . . . . . . . . . . . . . . . . . . . . . . . . . . Weapon 42 | 2 6 7 . . 3 . 2 2 2 1 . 2 . . . . 1 . 2 2 2 1 2 1 1 2 1 Energy Gun 8 | . 2 . . . . . . . . . . 1 . . . . . . . . 1 . 1 . . 2 1 Energy Cannon 10 | . 2 6 . . . . . . . . . . . . . . . . . 1 . . . 1 . . . Ballistic Gun 5 | 2 . . . . 1 . . . 1 . . . . . . . 1 . . . . . . . . . . Ballistic Cannon 1 | . . . . . . . . . 1 . . . . . . . . . . . . . . . . . . Launcher 2 | . . 1 . . . . . . . . . . . . . . . . . . . . 1 . . . . Special Weapon 5 | . 1 . . . . . . 1 . . . . . . . . . . 2 . 1 . . . . . . Impact Weapon 2 | . 1 . . . 1 . . . . . . . . . . . . . . . . . . . . . . Slashing Weapon 5 | . . . . . 1 . . 1 . . . 1 . . . . . . . . . 1 . . 1 . . Piercing Weapon 1 | . . . . . . . . . . . . . . . . . . . . 1 . . . . . . . Special Melee Weapon 3 | . . . . . . . 2 . . 1 . . . . . . . . . . . . . . . . . Unidentified Prototypes 20 | . 1 . . . 1 . 1 1 3 . . . . . 1 . 5 . 2 1 4 . . . . . . Corrupted Parts 1 | . . . . . 1 . . . . . . . . . . . . . . . . . . . . . . System Corruption 4 | . . . . . 4 . . . . . . . . . . . . . . . . . . . . . . Parts Lost 61 | . 3 1 . . . . . 5 1 . 11 . 2 . . . . . 1 . . . . 1 . 13 23 Power 8 | . 1 . . . . . . . . . 1 . 1 . . . . . . . . . . . . 3 2 Propulsion 29 | . 2 . . . . . . 3 1 . 6 . 1 . . . . . . . . . . 1 . 3 12 Utility 17 | . . 1 . . . . . 1 . . 3 . . . . . . . 1 . . . . . . 5 6 Weapon 7 | . . . . . . . . 1 . . 1 . . . . . . . . . . . . . . 2 3 Highest Loss Streak 23 | . 3 1 . . . . . 5 1 . 11 . 2 . . . . . 1 . . . . 1 . 10 23 To Critical Strikes 2 | . 1 . . . . . . . 1 . . . . . . . . . . . . . . . . . . Average Backups 8 | 2 4 8 11 16 4 5 4 5 5 4 5 4 5 3 4 5 7 9 7 8 8 8 9 10 10 9 7 Power . | . . . . . . 1 1 2 2 1 1 . . . 1 2 2 1 . . . . 1 1 1 . . Propulsion 1 | 1 1 1 3 2 . . . . . . . . . . . . 1 1 1 2 3 2 2 1 1 . 1 Utility 2 | . 1 1 2 4 1 2 1 1 2 2 3 2 3 2 2 2 2 4 2 2 3 1 2 2 2 2 1 Weapon 3 | . . 4 6 8 1 1 . . 1 . . 1 1 1 1 1 1 1 2 2 . . 1 1 2 3 2 Tool/Special . | . . . . . . . . . . . . . . . . . . . . . . . . . . . . Unused Backups 21 | . 1 2 . . 6 . 1 . . . . . . . . . . 1 . 1 2 1 2 1 2 . 1 Power 1 | . . . . . . . . . . . . . . . . . . 1 . . . . . . . . . Propulsion 5 | . . 1 . . . . . . . . . . . . . . . . . 1 . 1 2 . . . . Utility 8 | . 1 1 . . . . 1 . . . . . . . . . . . . . 2 . . 1 1 . 1 Weapon 7 | . . . . . 6 . . . . . . . . . . . . . . . . . . . 1 . . Tool/Special . | . . . . . . . . . . . . . . . . . . . . . . . . . . . . Average Slot Usage (%) 87 | . 90 96 85 85 79 93 96 88 80 90 98 49 54 64 84 83 90 94 88 87 90 88 90 88 84 83 70 Engine 5 | . 13 13 7 7 2 . . . . . 6 . 3 4 . . . . 4 . . . . . . . . Reactor 2 | . . . . . . . 2 6 6 2 . 4 1 . . . . . . 3 5 8 9 7 7 6 3 Treads 7 | . 14 13 14 17 . . . . 2 2 . . . . . . . . . . . . . . . . . Wheel 6 | . 13 13 14 10 . . . . . . . . . . . . . . . . . . . . . . . Flight 13 | . . . . . 23 33 38 32 20 17 5 13 13 14 27 27 31 33 29 27 30 26 27 24 24 24 25 Device 8 | . 14 7 . . 15 13 12 9 6 6 6 9 11 11 11 11 14 16 13 15 15 13 13 14 14 11 15 Storage 4 | . . 7 7 7 . . . . . . . . . . 4 5 5 5 5 5 5 4 4 4 4 4 2 Processor 6 | . 7 5 . . 8 13 13 13 13 13 13 11 11 11 11 11 11 11 6 5 5 9 9 9 8 11 15 Hackware 5 | . . . . . 12 13 11 13 13 16 19 4 5 5 5 5 5 5 9 10 10 12 13 15 16 13 3 Protection 5 | . . 5 14 14 . . . 3 6 2 . . . 3 5 5 5 5 5 5 5 4 4 4 4 3 . Energy Cannon 12 | . 4 27 28 28 . . . . . . . . . . . . . . . . . . . . . . . Slashing Weapon 2 | . . . . . 3 6 6 6 2 3 6 2 5 5 5 5 3 4 4 2 . 3 4 4 4 2 . Peak Build Rating 204 | 8 15 46 44 47 51 50 69 71 89 82 73 62 62 73 76 77 104 104 118 129 141 155 159 181 197 204 190 Average Rating 70 | 5 10 18 44 45 44 50 59 64 68 70 69 45 49 59 75 76 95 102 109 124 129 152 155 173 189 187 148 On Entrance 80 | . 8 14 44 44 47 50 50 68 61 81 73 14 62 47 73 76 76 104 102 118 128 141 155 159 173 190 109 Naked Turns . | . . . . . . . . . . . . . . . . . . . . . . . . . . . . Heaviest Build 127 | 8 14 127 122 122 122 14 15 21 32 32 20 14 14 20 30 30 35 35 46 55 53 55 55 65 65 68 74 Greatest Support 84 | 16 20 40 40 60 60 26 36 30 80 80 45 31 31 31 35 31 43 43 55 58 58 58 59 84 81 72 76 Greatest Overweight (x) 6 | . 1 6 6 6 2 . . . 1 1 1 1 . . . . . . . . . 1 . . . 2 . Average Overweight (x) . | . . 1 4 4 . . . . . . . . . . . . . . . . . . . . . . . Largest Inventory Capacity 20 | 5 5 20 20 20 20 5 5 5 5 5 5 5 5 5 10 10 10 10 10 10 10 10 10 15 15 15 15 Average Capacity 12 | 5 5 14 20 20 5 5 5 5 5 5 5 5 5 5 9 10 10 10 10 10 10 10 10 11 15 15 13 Most Carried 18 | 3 5 15 12 18 18 5 5 5 5 5 5 5 5 5 6 6 10 10 10 10 10 10 10 11 14 15 12 Average Carried 9 | 2 4 8 11 16 4 5 4 4 5 4 5 4 5 3 4 5 8 9 9 9 8 8 9 10 12 13 9 Final Capacity 20 | 5 5 20 20 20 5 5 5 5 5 5 5 5 5 5 10 10 10 10 10 10 10 10 10 15 15 15 5 Final Carried 18 | 3 5 11 12 18 5 5 5 5 5 5 5 5 5 4 5 5 10 10 9 10 10 9 10 11 14 10 3 Class Distribution -------------------- 22% | Derelict-Tank 18% | Mutant 17% | Hacker-Scout 9% | Wizard-Scout 6% | Scavenger-Scout 5% | Scavenger-Mutant 4% | Scout 3% | Derelict-Mutant 3% | Hacker-Mutant Dominant Class ---------------- Mutant | -10/Materials Mutant | -10/Subcaves Derelict-Tank | -9/Recycling Derelict-Tank | -9/Scraptown Hacker-Scout | -6/Factory Hacker-Scout | -6/Waste Hacker-Scout | -6/Factory Hacker-Scout | -6/Extension Scavenger-Mutant | -6/Cetus Scavenger-Mutant | -6/Archives Scavenger-Mutant | -6/Hub_04(d) Scout | -5/Factory Scout | -5/Waste Scavenger-Scout | -5/Factory Scavenger-Scout | -5/Upper Caves Scavenger-Scout | -5/Upper Caves Scavenger-Scout | -5/Zhirov Scavenger-Scout | -4/Proximity Caves Hacker-Scout | -4/Factory Hacker-Scout | -4/Armory Hacker-Scout | -4/Lab Hacker-Scout | -3/Research Hacker-Scout | -3/Testing Wizard-Scout | -2/Research Wizard-Scout | -2/Quarantine Wizard-Scout | -2/Section 7 Alien-Sprinter | -1/Access Resources | -11 -10 -10 -9 -9 -6 -6 -6 -6 -6 -6 -6 -5 -5 -5 -5 -5 -5 -4 -4 -4 -4 -3 -3 -2 -2 -2 -1 ----------- Run | Yrd Mat Sub Rec Scr Fac Was Fac Ext Cet Arc Hub Fac Was Fac Upp Upp Zhi Pro Fac Arm Lab Res Tes Res Qua Sec Acc Matter Collected 3522 | 286 154 400 . 20 146 . 236 50 100 371 . 11 124 40 44 . 146 . 110 119 . 296 33 253 21 344 218 Remotely . | . . . . . . . . . . . . . . . . . . . . . . . . . . . . Salvage Created 5664 | 121 467 843 334 . 28 . 223 376 89 597 13 11 . 104 1 . . . . 31 . 321 102 599 . 1125 279 Parts 266 | 4 32 43 18 . 2 . 13 21 6 29 1 2 . 1 . . . . . 1 . 14 1 20 . 40 18 Haulers Intercepted 5 | . 1 . . . . . . . . . . . . 1 . . . . . . . . . 3 . . . Recyclers Shooed 2 | 1 . . 1 . . . . . . . . . . . . . . . . . . . . . . . . Parts Field Recycled . | . . . . . . . . . . . . . . . . . . . . . . . . . . . . Retrieved Matter . | . . . . . . . . . . . . . . . . . . . . . . . . . . . . Parts Self-Destructed 32 | . . 24 . . . . . . . . . . . . 3 . . 5 . . . . . . . . . Prevented . | . . . . . . . . . . . . . . . . . . . . . . . . . . . . Kills | -11 -10 -10 -9 -9 -6 -6 -6 -6 -6 -6 -6 -5 -5 -5 -5 -5 -5 -4 -4 -4 -4 -3 -3 -2 -2 -2 -1 ------- Run | Yrd Mat Sub Rec Scr Fac Was Fac Ext Cet Arc Hub Fac Was Fac Upp Upp Zhi Pro Fac Arm Lab Res Tes Res Qua Sec Acc Combat Hostiles Destroyed 78 | . 8 17 2 . 1 . . 4 1 4 . . . . 1 . . . . . . . 2 4 . 31 3 Melee 8 | . . . . . 1 . . 4 . 1 . . . . 1 . . . . . . . . 1 . . . Guns 21 | . 7 . . . . . . . . 1 . . . . . . . . . . . . . 3 . 7 3 Cannons 22 | . . 17 2 . . . . . 1 2 . . . . . . . . . . . . . . . . . AOE 26 | . . . . . . . . . . . . . . . . . . . . . . . 2 . . 24 . Classes Destroyed 21 | 2 6 2 1 . . . . 2 . . . . . . . . . . . . . . . . . 8 . Worker 3 | . 1 . . . . . . . . . . 1 . . . . . . . . . . 1 . . . . Builder 6 | . 1 . 1 . . . 3 . . . . . . . . . . . . . . . . . . . 1 Tunneler 1 | 1 . . . . . . . . . . . . . . . . . . . . . . . . . . . Hauler 5 | . 1 . . . . . . . . . . . . 1 . . . . . . . . . 3 . . . Recycler 8 | 1 1 . 3 . . . 1 . . . . . . . . . . . . . . 2 . . . . . Mechanic 1 | . . . . . . . . . . . . . . . . . . . . . . . . . . 1 . Operator 12 | . 1 . . . . . . 1 . 9 1 . . . . . . . . . . . . . . . . Turret 2 | . . 2 . . . . . . . . . . . . . . . . . . . . . . . . . Watcher 10 | . . . . . . . . 1 1 . . . . . . . . . . 1 . 2 2 2 . . 1 Swarmer 11 | . 3 . . . 1 . . . . . . . . . 1 . . . . . . . 2 3 . . 1 Saboteur 3 | . . . . . . . . . . . . . . . . . . . . . . . . . . 3 . Grunt 23 | . 5 . . . . . . 2 . . . . . . . . . . . . . . . 1 . 13 2 Duelist 5 | . . . . . . . . . . . . . . . . . . . . . . . . . . 5 . Protector 2 | . . . . . . . . . . . . . . . . . . . . . . . . . . 2 . Sentry 7 | . . . 2 . . . . 1 . 4 . . . . . . . . . . . . . . . . . Hunter 1 | . . . . . . . . . . . . . . . . . . . . . . . . . . 1 . Programmer 3 | . . . . . . . . . . . . . . . . . . . . . . . . . . 3 . Behemoth 1 | . . . . . . . . 1 . . . . . . . . . . . . . . . . . . . Cetus Guard 1 | . . . . . . . . . 1 . . . . . . . . . . . . . . . . . . Tracker 1 | . . . . . . . . . . . . . . . . . . . . . . . . . . 1 . Combat Programmer 1 | . . . . . . . . . . . . . . . . . . . . . . . . . . 1 . Investigator 1 | . . . . . . . . . . . . . . . . . . . . . . . . . . 1 . Executioner 2 | . . . . . . . . . . . . . . . . . . . . . . . . . . 2 . Subdweller 17 | . . 17 . . . . . . . . . . . . . . . . . . . . . . . . . Best Kill Streak 26 | 2 6 2 4 . 1 . 3 2 2 5 1 1 . 1 1 . . . . 1 . 2 4 3 . 26 5 Combat Bots Only 24 | . 4 2 1 . 1 . . 2 1 2 . . . . 1 . . . . . . . 2 3 . 24 3 Max Kills in Single Turn 6 | 1 1 1 2 . 1 . 1 1 1 1 1 1 . 1 1 . . . . 1 . 1 2 1 . 6 1 Gunslinging 1 | . . . . . . . . . . . . . . . . . . . . . . . . . . 1 . Exploded 6 | . . . . . . . . . . . . . . . . . . . . . . . 1 . . 6 . Melee 1 | . . . . . 1 . . 1 . 1 . . . . 1 . . . . . . . . 1 . . . Uniques/NPCs Destroyed . | . . . . . . . . . . . . . . . . . . . . . . . . . . . . Combat | -11 -10 -10 -9 -9 -6 -6 -6 -6 -6 -6 -6 -5 -5 -5 -5 -5 -5 -4 -4 -4 -4 -3 -3 -2 -2 -2 -1 -------- Run | Yrd Mat Sub Rec Scr Fac Was Fac Ext Cet Arc Hub Fac Was Fac Upp Upp Zhi Pro Fac Arm Lab Res Tes Res Qua Sec Acc Hostile Shots Fired 945 | . 57 74 4 . 3 . 9 77 1 19 55 . 1 3 10 . 9 29 29 50 . 14 28 49 14 183 227 Missed 411 | . 18 29 2 . 3 . 6 43 . 6 12 . . 2 7 . 2 17 14 30 . 6 14 22 10 73 95 Hits 534 | . 39 45 2 . . . 3 34 1 13 43 . 1 1 3 . 7 12 15 20 . 8 14 27 4 110 132 Melee 5 | . . . . . . . . . . . . . 1 . . . . . . . . . . 1 . . 3 Projectile 529 | . 39 45 2 . . . 3 34 1 13 43 . . 1 3 . 7 12 15 20 . 8 14 26 4 110 129 AOE 2 | . . . . . . . . . . . . . . . . . . . . . . . . . . 2 . Critical Strikes 26 | . 3 . . . . . . . 1 1 . . 1 . . . . 1 . . . . 1 5 . 10 3 Actively Blocked 12 | . . . . . . . . . . . . . . . . . . . . . . . . 3 . 6 3 Damage Taken 11070 | . 496 794 25 . . . 44 354 27 321 1150 . 123 40 132 . 96 191 245 298 . 96 319 649 114 2747 2809 Core 2996 | . 44 191 . . . . . 130 . 46 409 . 69 . 18 . 38 16 40 64 . . 93 70 . 194 1574 Absorbed by Shields 58 | . . . . . . . . 58 . . . . . . . . . . . . . . . . . . . Ignored by Resistances 11 | . . 9 2 . . . . . . . . . . . . . . . . . . . . . . . . Regen/Repaired (Parts) 2028 | . . . . . 2 . 8 159 75 25 . 101 . 58 66 . . 36 123 129 28 75 74 196 372 501 . Core Remaining (%) 68 | 100 . . . 6 . . . . . . 31 . . . . . . 85 . . 83 . 92 . . 81 . Volleys Fired 300 | 13 48 97 5 . . . . 1 5 23 . 1 . . . . 5 . 3 3 . . 8 19 . 45 24 Largest 4 | 2 2 4 4 . . . . 1 1 2 . 1 . . . . 1 . 1 1 . . 1 1 . 2 2 Hottest 320 | 40 100 320 320 . . . . . 48 83 . 55 . . . . 35 . . 120 . . 80 80 . 200 220 Shots Fired 537 | 26 82 202 20 . . . . 1 5 43 . 1 . . . . 5 . 3 3 . . 8 19 . 80 39 Gun 250 | 26 71 . . . . . . . . 20 . 1 . . . . 5 . . . . . 6 19 . 73 29 Cannon 259 | . . 200 20 . . . . . 5 23 . . . . . . . . . 1 . . . . . . 10 Launcher 11 | . . 2 . . . . . . . . . . . . . . . . . . . . 2 . . 7 . Special 17 | . 11 . . . . . . 1 . . . . . . . . . . 3 2 . . . . . . . Kinetic 130 | 26 49 2 . . . . . . 5 43 . . . . . . 5 . . . . . . . . . . Thermal 264 | . 33 200 20 . . . . . . . . . . . . . . . . 1 . . . . . . 10 Explosive 9 | . . . . . . . . . . . . . . . . . . . . . . . 2 . . 7 . Electromagnetic 26 | . . . . . . . . . . . . 1 . . . . . . . . . . 6 19 . . . Slashing 102 | . . . . . . . . . . . . . . . . . . . . . . . . . . 73 29 Robot Hit Streak 16 | 6 14 16 11 . . . . 12 2 6 . . . . . . 1 . . 3 . . 4 5 . 10 4 Robot Miss Streak 5 | 3 4 2 . . . . . . 1 2 . . . . . . 2 . . . . . 2 3 . 5 2 Penetration Max 1 | . . . . . . . . . . 1 . . . . . . . . . . . . . . . 1 1 Secondary Targets 4 | . 1 . . . . . . . . . . . . . . . . . . . . . . . . 2 1 Max Gunslinging Chain 1 | . 1 . . . . . . . . . . . . . . . . . . . . . . . . 1 1 Shots Hit Robots 375 | 18 46 74 9 . 1 . 7 31 3 44 1 2 . 5 2 . 6 . . 3 . 8 8 33 . 58 16 Core Hits 230 | 4 26 27 6 . . . 4 9 2 16 1 1 . 1 1 . . . . 1 . 4 6 14 . 97 10 Critical Kills 5 | . . . . . . . . . 2 3 . . . . . . . . . . . . . . . . . Critical Parts Destroyed 7 | . . . . . 1 . . . . 6 . . . . . . . . . . . . . . . . . Critical Strikes 30 | . . . . . 1 . . 4 3 12 . . . 1 . . . . . . . 1 1 5 . 1 1 Destroy 14 | . . . . . . . . . 3 11 . . . . . . . . . . . . . . . . . Smash 1 | . . . . . 1 . . . . . . . . . . . . . . . . . . . . . . Sever 13 | . . . . . . . . 4 . 1 . . . 1 . . . . . . . . . 5 . 1 1 Impale 2 | . . . . . . . . . . . . . . . . . . . . . . 1 1 . . . . Melee Attacks 326 | . 3 . . . 23 . 18 37 . 16 10 13 . 6 3 . 6 8 11 15 5 31 17 61 13 30 . Impact 11 | . 3 . . . 8 . . . . . . . . . . . . . . . . . . . . . . Slashing 256 | . . . . . 15 . 16 30 . 14 10 13 . 5 2 . 2 8 11 8 . 10 8 61 13 30 . Piercing 42 | . . . . . . . . . . . . . . . . . . . . 7 5 21 9 . . . . Sneak Attacks 43 | . 1 . . . . . 5 8 . 11 . 1 . 2 1 . 4 . . 1 . 3 2 4 . . . Combat Hostiles 3 | . 1 . . . . . . . . . . . . . 1 . . . . . . . . 1 . . . Follow-up Attacks 2 | . . . . . . . . . . . . . . . . . . . . . . 2 . . . . . Damage Inflicted 20186 | 154 520 1810 291 . 65 . 381 1030 57 1963 65 134 . 173 40 . 49 . . 72 . 715 858 1727 . 9473 609 Guns 3569 | 154 456 . . . . . . . . 401 . . . . . . 49 . . . . . 134 153 . 1635 587 Cannons 2464 | . . 1810 291 . . . . . 57 306 . . . . . . . . . . . . . . . . . Explosions 8275 | . . . . . . . . . . . . . . . . . . . . . . . 538 . . 7737 . Melee 5849 | . 63 . . . 65 . 381 1030 . 1256 65 134 . 173 40 . . . . 72 . 715 186 1574 . 95 . Ramming 29 | . 1 . . . . . . . . . . . . . . . . . . . . . . . . 6 22 Kinetic 1213 | 154 246 . . . . . . . 57 707 . . . . . . 49 . . . . . . . . . . Thermal 2311 | . 210 1810 291 . . . . . . . . . . . . . . . . . . . . . . . . Explosive 8275 | . . . . . . . . . . . . . . . . . . . . . . . 538 . . 7737 . Electromagnetic 287 | . . . . . . . . . . . . . . . . . . . . . . . 134 153 . . . Impact 128 | . 63 . . . 65 . . . . . . . . . . . . . . . . . . . . . . Slashing 7212 | . . . . . . . 381 1030 . 1256 65 134 . 173 40 . . . . 72 . 170 . 1574 . 1730 587 Piercing 731 | . . . . . . . . . . . . . . . . . . . . . . 545 186 . . . . Highest Corruption 20 | . . . . . 4 11 13 . . . 20 . . . . . 1 1 . 3 3 . 4 6 6 1 . Average Corruption 3 | . . . . . 4 4 9 . . . 14 . . . . . 1 1 . 3 3 . 2 1 6 1 . Corruption Purged 13 | . . . . . . . 13 . . . . . . . . . . . . . . . . . . . . Corruption Blocked . | . . . . . . . . . . . . . . . . . . . . . . . . . . . . Effects 46 | . . . . . 9 . 13 . . . 1 . . . . . . . . 3 2 . 3 9 3 3 . Message Errors 12 | . . . . . 3 . 4 . . . . . . . . . . . . . 1 . 1 1 . 2 . Matter Fused 8 | . . . . . . . 2 . . . . . . . . . . . . 2 1 . . 2 1 . . Heat Flow Errors 4 | . . . . . 1 . 2 . . . . . . . . . . . . . . . . 1 . . . Energy Discharges 8 | . . . . . 2 . 2 . . . 1 . . . . . . . . . . . . 2 . 1 . Parts Rejected 1 | . . . . . . . . . . . . . . . . . . . . . . . . . 1 . . Data Loss (minor) 10 | . . . . . 3 . 2 . . . . . . . . . . . . 1 . . 1 2 1 . . Data Loss (major) 2 | . . . . . . . . . . . . . . . . . . . . . . . 1 1 . . . Misdirections 1 | . . . . . . . 1 . . . . . . . . . . . . . . . . . . . . Overload Shots . | . . . . . . . . . . . . . . . . . . . . . . . . . . . . Overflow Damage 794 | . 3 8 . . 65 . 38 31 . 168 . 7 . 5 . . . . . . . 85 53 137 . 194 . Projectiles 8 | . . 8 . . . . . . . . . . . . . . . . . . . . . . . . . Explosions 247 | . . . . . . . . . . . . . . . . . . . . . . . 53 . . 194 . Melee 539 | . 3 . . . 65 . 38 31 . 168 . 7 . 5 . . . . . . . 85 . 137 . . . Knockbacks 2 | . 1 . . . . . . . . 1 . . . . . . . . . . . . . . . . . Impact 1 | . 1 . . . . . . . . . . . . . . . . . . . . . . . . . . Kinetic 1 | . . . . . . . . . . 1 . . . . . . . . . . . . . . . . . Secondary . | . . . . . . . . . . . . . . . . . . . . . . . . . . . . Self-Inflicted Damage 56 | . . 43 . . . . . . . . . . . . . . . . . . . . . . . 3 10 Shots 1 | . . 1 . . . . . . . . . . . . . . . . . . . . . . . . . Rammed 7 | . 1 . . . . . . . . . . . . . . . . . . . . . . . . 1 5 Targets Rammed 7 | . 1 . . . . . . . . . . . . . . . . . . . . . . . . 1 5 Kicked . | . . . . . . . . . . . . . . . . . . . . . . . . . . . . Crushed . | . . . . . . . . . . . . . . . . . . . . . . . . . . . . Highest Temperature 438 | . 259 438 359 . 264 . 223 14 42 302 . . . . 5 . 60 102 123 30 . . 6 238 33 256 72 Average Temperature 79 | . 69 71 163 . 135 . 71 5 19 128 . . . . 2 . 25 37 47 16 . . 6 99 23 93 35 Received Heat Transfer 1281 | . 207 207 9 . . . . 87 . 99 93 . . . 18 . 9 48 9 9 . 21 33 90 18 216 108 Effects 2 | . . . . . . . . . . 1 . . . . . . . . . . . . . . . 1 . Energy Bleed 1 | . . . . . . . . . . 1 . . . . . . . . . . . . . . . . . Interference 1 | . . . . . . . . . . . . . . . . . . . . . . . . . . 1 . Siege Activations . | . . . . . . . . . . . . . . . . . . . . . . . . . . . . Martial Activations . | . . . . . . . . . . . . . . . . . . . . . . . . . . . . Shielding Activations . | . . . . . . . . . . . . . . . . . . . . . . . . . . . . Robots Disrupted 3 | . . . . . . . . . . . . . . . . . . . . . . . 1 2 . . . Combat Hostiles 2 | . . . . . . . . . . . . . . . . . . . . . . . . 2 . . . Robots Corrupted 2 | . 1 . . . . . . . . . . . . . . . . . . . . . 1 . . . . Combat Hostiles 1 | . 1 . . . . . . . . . . . . . . . . . . . . . . . . . . Parts Fried 4 | . 3 . . . . . . . . . . . . . . . . . . . . . 1 . . . . Impact Corruptions 2 | . 1 . . . 1 . . . . . . . . . . . . . . . . . . . . . . Robots Melted . | . . . . . . . . . . . . . . . . . . . . . . . . . . . . Combat Hostiles . | . . . . . . . . . . . . . . . . . . . . . . . . . . . . Parts Melted 7 | . . 7 . . . . . . . . . . . . . . . . . . . . . . . . . Heat Transferred 3700 | . 592 2701 407 . . . . . . . . . . . . . . . . . . . . . . . . Parts Sabotaged 2 | . . . . . . . . . . . . . . . . . . . . . . . . . . . 2 Parts Stolen . | . . . . . . . . . . . . . . . . . . . . . . . . . . . . Parts Stripped . | . . . . . . . . . . . . . . . . . . . . . . . . . . . . Power Chain Reactions 1 | . . . . . . . . . . . . . . . . . . . . 1 . . . . . . . Alert | -11 -10 -10 -9 -9 -6 -6 -6 -6 -6 -6 -6 -5 -5 -5 -5 -5 -5 -4 -4 -4 -4 -3 -3 -2 -2 -2 -1 ------- Run | Yrd Mat Sub Rec Scr Fac Was Fac Ext Cet Arc Hub Fac Was Fac Upp Upp Zhi Pro Fac Arm Lab Res Tes Res Qua Sec Acc Maximum Alert Level 5 | . . . . . . . 1 1 1 . . . . 1 . . . . 1 1 . . 1 . 1 5 5 Low Security (%) 84 | 100 100 . 100 . 100 100 97 19 99 100 100 100 100 99 . . . . 96 49 . 100 96 100 98 19 . Level 1 9 | . . . . . . . 2 80 . . . . . . . . . . 3 50 . . 3 . 1 18 . Level 2 . | . . . . . . . . . . . . . . . . . . . . . . . . . . . . Level 3 . | . . . . . . . . . . . . . . . . . . . . . . . . . . . . Level 4 . | . . . . . . . . . . . . . . . . . . . . . . . . . . . . Level 5 . | . . . . . . . . . . . . . . . . . . . . . . . . . . . 7 High Security . | . . . . . . . . . . . . . . . . . . . . . . . . . . . . Max Security 6 | . . . . . . . . . . . . . . . . . . . . . . . . . . 61 92 Peak Influence 3386 | 10 197 . 41 . 68 5 203 370 200 92 50 53 76 197 . . . . 306 335 . 140 217 180 205 3386 2756 Initial 2019 | . . . 24 . . 5 3 33 162 16 14 . 5 28 . . . . 94 50 . . 11 117 62 87 2019 Average 227 | . 112 . 7 . 30 5 49 260 103 63 8 14 39 95 . . . . 82 201 . 66 75 86 83 1480 2414 Influence Increases 9624 | 10 408 85 151 . 208 . 385 815 128 192 76 138 90 429 439 . . 261 518 416 . 307 420 560 346 2328 914 Destroy 0b10 Robot/C 2780 | . 160 40 40 . 20 . . 440 80 80 . . . 120 260 . . 60 . . . . 40 80 . 1100 260 Destroy 0b10 Robot/NC 295 | 10 25 . 20 . . . 20 20 5 45 5 5 . 25 . . . . . 5 . 20 15 25 . 30 20 Destroy Leader 364 | . 42 . . . . . . 44 . . . . . 32 20 . . . . 2 . 4 14 18 . 154 34 Allied During Kill 868 | . . . . . . . . 142 40 1 . . . 129 159 . . 6 . . . . . . . 316 75 Successful Hack 643 | . 35 . 23 . 48 . 52 46 . . . 46 . 21 . . . . 106 19 . 75 77 65 16 14 . Select Force Hacks 320 | . 30 . 60 . . . . . . . 50 20 . 60 . . . . . 100 . . . . . . . Disable Machine 405 | . 15 . . . 15 . . . . 60 . 15 . . . . . . . 60 . . 45 . 45 105 45 Anti-Garrison Action 200 | . . . . . . . 200 . . . . . . . . . . . . . . . . . . . . Destroy Structure 674 | . 11 . 8 . 20 . 8 18 3 6 6 22 90 12 . . . . 22 20 . 28 64 87 30 144 75 Partial Spotted 450 | . 15 . . . 45 . 15 . . . . 15 . 30 . . . . 15 30 . 15 45 120 30 75 . Lose Combat Pursuer 2625 | . 75 45 . . 60 . 90 105 . . 15 15 . . . . . 195 375 180 . 165 120 165 225 390 405 Influence Decreases 8302 | 10 270 171 203 . 193 10 321 594 378 190 118 121 67 282 260 130 236 110 565 194 326 286 232 658 302 318 1757 Entered New Map 2726 | . . 67 28 . . 10 2 36 128 24 28 . 12 12 70 70 236 . 57 54 326 . 10 92 49 68 1347 Time Decay 3478 | 10 240 104 175 . 193 . 169 278 120 130 37 101 55 90 170 60 . 90 198 120 . 286 222 372 178 80 . Lost Part 523 | . 30 . . . . . . 50 10 . 53 . . . . . . . 10 . . . . 10 . 130 230 Lost Ally 919 | . . . . . . . . 230 120 36 . 20 . 180 20 . . 20 . 20 . . . 40 13 40 180 Purge Threat 656 | . . . . . . . 150 . . . . . . . . . . . 300 . . . . 144 62 . . Squads Dispatched 89 | . 2 . . . 4 . 6 1 . . 2 4 . 3 . . . . 2 4 . 2 3 11 4 25 16 Investigation 25 | . 1 . . . 2 . 4 1 . . 2 4 . 2 . . . . 1 2 . 1 1 1 3 . . Extermination 13 | . . . . . 2 . 2 . . . . . . . . . . . 1 1 . 1 1 4 1 . . Reinforcement 12 | . 1 . . . . . . . . . . . . 1 . . . . . 1 . . . 6 . 3 . Assault 33 | . . . . . . . . . . . . . . . . . . . . . . . 1 . . 20 12 Garrison 1 | . . . . . . . . . . . . . . . . . . . . . . . . . . . 1 Intercept 5 | . . . . . . . . . . . . . . . . . . . . . . . . . . 2 3 Searches Triggered . | . . . . . . . . . . . . . . . . . . . . . . . . . . . . Construction Impeded 1 | . . . . . . . . . . . . . . 1 . . . . . . . . . . . . . Haulers Reinforced 2 | . . . . . . . . . . . . . . . . . . . . . . . . 2 . . . Active Scanning Responses . | . . . . . . . . . . . . . . . . . . . . . . . . . . . . Cargo Convoy Interrupts . | . . . . . . . . . . . . . . . . . . . . . . . . . . . . Stealth | -11 -10 -10 -9 -9 -6 -6 -6 -6 -6 -6 -6 -5 -5 -5 -5 -5 -5 -4 -4 -4 -4 -3 -3 -2 -2 -2 -1 --------- Run | Yrd Mat Sub Rec Scr Fac Was Fac Ext Cet Arc Hub Fac Was Fac Upp Upp Zhi Pro Fac Arm Lab Res Tes Res Qua Sec Acc Distress Signals 23 | . 1 . . . 1 . . 2 . . 2 . . . . . . . 2 2 . 2 3 . 1 2 5 Communications Jammed . | . . . . . . . . . . . . . . . . . . . . . . . . . . . . Distress Signals . | . . . . . . . . . . . . . . . . . . . . . . . . . . . . Times Spotted 541 | . 18 19 2 . 8 6 10 30 3 5 14 4 7 3 13 . 3 19 28 21 . 19 17 30 19 147 96 Peak Tracking Total 46 | . 5 2 1 . 4 6 5 7 3 2 20 2 6 2 5 . 3 13 11 10 . 7 7 8 8 46 29 Tactical Retreats 69 | . 2 2 . . 2 . 4 4 . . 1 1 1 . . . . 7 4 4 . 5 4 8 5 8 7 Traps | -11 -10 -10 -9 -9 -6 -6 -6 -6 -6 -6 -6 -5 -5 -5 -5 -5 -5 -4 -4 -4 -4 -3 -3 -2 -2 -2 -1 ------- Run | Yrd Mat Sub Rec Scr Fac Was Fac Ext Cet Arc Hub Fac Was Fac Upp Upp Zhi Pro Fac Arm Lab Res Tes Res Qua Sec Acc Traps Triggered 11 | . 1 2 . . 1 . 1 . . . . 1 . . . . . . . . . 2 1 2 . . . Indirectly . | . . . . . . . . . . . . . . . . . . . . . . . . . . . . Trap Hack Attempts . | . . . . . . . . . . . . . . . . . . . . . . . . . . . . Triggered . | . . . . . . . . . . . . . . . . . . . . . . . . . . . . Disarmed 10 | . . . . . 10 . . . . . . . . . . . . . . . . . . . . . . Reprogrammed . | . . . . . . . . . . . . . . . . . . . . . . . . . . . . Reused 1 | . . 1 . . . . . . . . . . . . . . . . . . . . . . . . . Traps Extracted . | . . . . . . . . . . . . . . . . . . . . . . . . . . . . Installed 2 | . . 2 . . . . . . . . . . . . . . . . . . . . . . . . . Triggered . | . . . . . . . . . . . . . . . . . . . . . . . . . . . . Machines | -11 -10 -10 -9 -9 -6 -6 -6 -6 -6 -6 -6 -5 -5 -5 -5 -5 -5 -4 -4 -4 -4 -3 -3 -2 -2 -2 -1 ---------- Run | Yrd Mat Sub Rec Scr Fac Was Fac Ext Cet Arc Hub Fac Was Fac Upp Upp Zhi Pro Fac Arm Lab Res Tes Res Qua Sec Acc Machines Disabled 37 | . 1 2 . . 1 . . . . 4 . 1 . . 2 . 2 1 . 4 1 . 4 . 3 8 3 Max in Single Turn 1 | . 1 1 . . 1 . . . . 1 . 1 . . . . 1 1 . 1 1 . 1 . 1 1 . Garrison Access 9 | . . . . . . . 3 . . . . . . 1 . . . . 1 . . . 1 1 1 1 . Network Hub 1 | . . . . . . . . . . . 1 . . . . . . . . . . . . . . . . Machines Repaired . | . . . . . . . . . . . . . . . . . . . . . . . . . . . . Machines Dismantled . | . . . . . . . . . . . . . . . . . . . . . . . . . . . . Machines Sabotaged 1 | . . . . . . . . . . . 1 . . . . . . . . . . . . . . . . Overloaded Fab Kills 1 | . . . . . . . . . . . . . . . . . . . . 1 . . . . . . . Hacking | -11 -10 -10 -9 -9 -6 -6 -6 -6 -6 -6 -6 -5 -5 -5 -5 -5 -5 -4 -4 -4 -4 -3 -3 -2 -2 -2 -1 --------- Run | Yrd Mat Sub Rec Scr Fac Was Fac Ext Cet Arc Hub Fac Was Fac Upp Upp Zhi Pro Fac Arm Lab Res Tes Res Qua Sec Acc Machines Accessed 137 | . 8 2 7 3 8 . 16 13 . 1 2 8 . 5 1 1 4 . 10 5 . 10 8 10 11 4 . Terminals 84 | . 7 . 5 . 5 . 7 13 . . 2 2 . 1 1 . . . 7 3 . 7 6 7 8 3 . Fabricators 14 | . . . . . 1 . 4 . . . . 4 . . . . . . 1 2 . 1 . 1 . . . Repair Stations 11 | . . . . . 1 . 1 . . . . 2 . 1 . . . . 1 . . 1 1 1 2 . . Recycling Units 3 | . 1 . 2 . . . . . . . . . . . . . . . . . . . . . . . . Scanalyzers 5 | . . . . . 1 . 1 . . . . . . 2 . . . . . . . 1 . . . . . Garrison Access 9 | . . . . . . . 3 . . . . . . 1 . . . . 1 . . . 1 1 1 1 . Total Hacks 552 | . 23 4 25 6 33 . 48 29 . 2 8 31 . 8 8 1 17 . 72 23 . 48 42 61 35 28 . Successful 388 | . 10 4 14 6 19 . 35 17 . 2 7 16 . 5 8 1 17 . 53 12 . 33 37 51 28 13 . Failed 161 | . 13 . 11 . 14 . 13 12 . . 1 15 . 3 . . . . 17 11 . 15 5 10 7 14 . Catastrophic 13 | . 2 . 1 . . . 1 . . . . 2 . . . . . . 1 . . 2 1 2 . 1 . Database Lockouts 3 | . . . . . . . . . . . . . . . . . . . 2 . . . . . . 1 . Manual 338 | . 23 . 23 . 20 . 26 12 . . 8 18 . 7 . . . 2 36 20 . 30 27 40 24 22 . Terminals 421 | . 22 . 23 . 24 . 24 29 . . 8 7 . 2 8 . . . 64 20 . 43 40 55 26 26 . Fabricators 47 | . . . . . 3 . 14 . . . . 19 . . . . . . 4 3 . 1 . 3 . . . Repair Stations 26 | . . . . . 2 . 3 . . . . 5 . 1 . . . . 3 . . 1 1 2 8 . . Recycling Units 3 | . 1 . 2 . . . . . . . . . . . . . . . . . . . . . . . . Scanalyzers 14 | . . . . . 4 . 3 . . . . . . 4 . . . . . . . 3 . . . . . Garrison Access 11 | . . . . . . . 4 . . . . . . 1 . . . . 1 . . . 1 1 1 2 . Terminal Hacks 177 | . 3 4 3 6 8 . 5 9 . 2 . . . . 8 1 17 . 31 3 . 18 22 24 5 8 . Record 30 | . . 3 . 5 . . . . . 2 . . . . 8 . 5 . 6 . . . . . 1 . . Part Schematic 20 | . . . . . 1 . . . . . . . . . . . 4 . 6 . . 4 1 4 . . . Robot Schematic 3 | . . . . . . . . . . . . . . . . . . . 1 . . . 2 . . . . Robot Analysis 14 | . 2 . . . . . . . . . . . . . . . 4 . 1 . . 2 1 2 1 1 . Prototype ID Bank 12 | . . . . . 1 . . . . . . . . . . . 4 . 1 . . 2 2 . . 2 . Open Door 12 | . . . . . . . . 9 . . . . . . . 1 . . . . . . . . 2 . . Level Access Points 4 | . . . . . . . . . . . . . . . . . . . . . . 1 1 1 . 1 . Branch Access Points 4 | . . . . . . . 1 . . . . . . . . . . . 1 . . 1 . 1 . . . Emergency Access Points 2 | . . . . . . . . . . . . . . . . . . . . . . 1 . 1 . . . Machine Index 2 | . . . . . . . . . . . . . . . . . . . 1 . . 1 . . . . . Terminal Index 8 | . 1 . . . 1 . 1 . . . . . . . . . . . 1 1 . 1 1 . . 1 . Fabricator Index 3 | . . . . . 1 . 1 . . . . . . . . . . . . . . . . 1 . . . Repair Station Index 4 | . . . . . . . . . . . . . . . . . . . 2 . . . 1 1 . . . Recycling Unit Index 1 | . . . 1 . . . . . . . . . . . . . . . . . . . . . . . . Scanalyzer Index 1 | . . . . . . . . . . . . . . . . . . . . . . . 1 . . . . Garrison Index 2 | . . . . . . . . . . . . . . . . . . . . . . . 1 1 . . . Alert Level 5 | . . . . . . . . . . . . . . . . . . . 2 . . 1 1 . . 1 . Unreport Threat 5 | . . . . . . . 1 . . . . . . . . . . . 2 . . . . 1 1 . . Locate Traps 6 | . . . . . 1 . . . . . . . . . . . . . 1 . . . 3 1 . . . Disarm Traps 2 | . . . . . 2 . . . . . . . . . . . . . . . . . . . . . . Dispatch Records 1 | . . . . . . . . . . . . . . . . . . . . . . . . 1 . . . Recall Extermination 3 | . . . . . . . . . . . . . . . . . . . 1 . . 1 . 1 . . . Recall Reinforcements 2 | . . . . . . . . . . . . . . . . . . . . . . . . 2 . . . Hauler Manifests 2 | . . . . . . . . . . . . . . . . . . . 1 . . . 1 . . . . Registered Components 4 | . . . . . 1 . . . . . . . . . . . . . . 1 . . 1 1 . . . Registered Prototypes 3 | . . . . . . . . . . . . . . . . . . . 1 . . . 1 1 . . . Zone Layout 18 | . . . 2 . . . 1 . . . . . . . . . . . 3 1 . 3 3 4 . 1 . Proto ID Catalog 2 | . . 1 . 1 . . . . . . . . . . . . . . . . . . . . . . . Protovariant Controls 1 | . . . . . . . . . . . . . . . . . . . . . . . 1 . . . . Activate Exoskeleton 1 | . . . . . . . . . . . . . . . . . . . . . . . . . . 1 . Fabricator Hacks 17 | . . . . . . . 8 . . . . 4 . . . . . . 2 . . 1 . 2 . . . Network Status 3 | . . . . . . . 1 . . . . 1 . . . . . . . . . 1 . . . . . Load Schematic 8 | . . . . . . . 4 . . . . 2 . . . . . . 1 . . . . 1 . . . Build 6 | . . . . . . . 3 . . . . 1 . . . . . . 1 . . . . 1 . . . Repair Station Hacks 17 | . . . . . . . 2 . . . . 4 . . . . . . 2 . . . . 2 7 . . Scan Component 9 | . . . . . . . 1 . . . . 2 . . . . . . 1 . . . . 1 4 . . Repair 8 | . . . . . . . 1 . . . . 2 . . . . . . 1 . . . . 1 3 . . Recycling Unit Hacks . | . . . . . . . . . . . . . . . . . . . . . . . . . . . . Scanalyzer 7 | . . . . . 2 . 3 . . . . . . . . . . . . . . 2 . . . . . Insert Component 3 | . . . . . 1 . 1 . . . . . . . . . . . . . . 1 . . . . . Analyze 4 | . . . . . 1 . 2 . . . . . . . . . . . . . . 1 . . . . . Garrison Access Hacks 8 | . . . . . . . 2 . . . . . . 1 . . . . 1 . . . 1 1 1 1 . Seal Access 8 | . . . . . . . 2 . . . . . . 1 . . . . 1 . . . 1 1 1 1 . Unauthorized Hacks 162 | . 7 . 11 . 9 . 15 8 . . 7 8 . 4 . . . . 17 9 . 12 14 22 15 4 . Terminals 138 | . 6 . 9 . 8 . 10 8 . . 7 4 . 1 . . . . 15 7 . 11 13 21 14 4 . Track 13 | . . . . . . . . . . . 2 . . . . . . . 1 1 . . 3 4 1 1 . Assimilate 14 | . 1 . . . 1 . 1 . . . 1 . . . . . . . 1 3 . 1 . 1 4 . . Botnet 45 | . 2 . 5 . 2 . 2 3 . . 2 2 . . . . . . 6 1 . 4 5 6 4 1 . Disrupt 9 | . 1 . . . . . 1 1 . . . . . . . . . . 2 . . 1 . 3 . . . Operators 2 | . . . . . . . 1 . . . . . . . . . . . . 1 . . . . . . . Skim 53 | . 2 . 4 . 5 . 5 4 . . . 2 . 1 . . . . 5 1 . 5 5 7 5 2 . Sabotage 2 | . . . . . . . . . . . 2 . . . . . . . . . . . . . . . . Fabricators 10 | . . . . . . . 3 . . . . 3 . . . . . . 1 2 . . . 1 . . . Prioritize 4 | . . . . . . . 1 . . . . 1 . . . . . . 1 . . . . 1 . . . Overload 2 | . . . . . . . . . . . . . . . . . . . . 2 . . . . . . . Download 1 | . . . . . . . . . . . . 1 . . . . . . . . . . . . . . . Recompile 3 | . . . . . . . 2 . . . . 1 . . . . . . . . . . . . . . . Repair Stations 8 | . . . . . 1 . 1 . . . . 1 . 1 . . . . 1 . . 1 1 . 1 . . Mechanics 4 | . . . . . . . 1 . . . . 1 . 1 . . . . 1 . . . . . . . . Patch 4 | . . . . . 1 . . . . . . . . . . . . . . . . 1 1 . 1 . . Recycling Units 3 | . 1 . 2 . . . . . . . . . . . . . . . . . . . . . . . . Tunnel 3 | . 1 . 2 . . . . . . . . . . . . . . . . . . . . . . . . Scanalyzers 2 | . . . . . . . . . . . . . . 2 . . . . . . . . . . . . . Extract 2 | . . . . . . . . . . . . . . 2 . . . . . . . . . . . . . Garrison Access 1 | . . . . . . . 1 . . . . . . . . . . . . . . . . . . . . Jam 1 | . . . . . . . 1 . . . . . . . . . . . . . . . . . . . . Data Cores Recovered 2 | . . . . . . . . 1 . . 1 . . . . . . . . . . . . . . . . Used . | . . . . . . . . . . . . . . . . . . . . . . . . . . . . Hacking Detections 83 | . 7 . 5 . 7 . 11 8 . . 1 4 . 2 1 . . . 5 4 . 8 5 9 4 2 . Full Trace Events 10 | . . . 1 . 1 . 1 1 . . . 2 . . 1 . . . 1 . . . . 1 1 . . Feedback Events . | . . . . . . . . . . . . . . . . . . . . . . . . . . . . Feedback Blocked . | . . . . . . . . . . . . . . . . . . . . . . . . . . . . Robot Schematics Acquired 4 | . . . . . . . . . . . . 1 . . . . . . 1 . . . 2 . . . . Robots Built . | . . . . . . . . . . . . . . . . . . . . . . . . . . . . Authchips . | . . . . . . . . . . . . . . . . . . . . . . . . . . . . Time . | . . . . . . . . . . . . . . . . . . . . . . . . . . . . Total Robot Build Rating . | . . . . . . . . . . . . . . . . . . . . . . . . . . . . Part Schematics Acquired 30 | . . . . . 2 . 1 . . . . . . 7 . . 4 . 6 . . 5 1 4 . . . Parts Built 10 | . . . . . . . 6 . . . . 2 . . . . . . 1 . . . . 1 . . . Authchips 2 | . . . . . . . 2 . . . . . . . . . . . . . . . . . . . . Time 313 | . . . . . . . 217 . . . . 23 . . . . . . 42 . . . . 31 . . . Total Part Build Rating 57 | . . . . . . . 34 . . . . 10 . . . . . . 6 . . . . 7 . . . Parts Repaired 8 | . . . . . . . 1 . . . . 2 . . . . . . 1 . . . . 1 3 . . Time 250 | . . . . . . . 44 . . . . 54 . . . . . . 56 . . . . 34 62 . . Parts Recycled . | . . . . . . . . . . . . . . . . . . . . . . . . . . . . Recycled Matter . | . . . . . . . . . . . . . . . . . . . . . . . . . . . . Retrieved Matter . | . . . . . . . . . . . . . . . . . . . . . . . . . . . . Retrieved Components . | . . . . . . . . . . . . . . . . . . . . . . . . . . . . Parts Scanalyzed 3 | . . . . . 1 . 1 . . . . . . . . . . . . . . 1 . . . . . Part Schematics Acquired 3 | . . . . . 1 . 1 . . . . . . . . . . . . . . 1 . . . . . Parts Damaged 1 | . . . . . . . . . . . . . . . . . . . . . . 1 . . . . . Bothacking | -11 -10 -10 -9 -9 -6 -6 -6 -6 -6 -6 -6 -5 -5 -5 -5 -5 -5 -4 -4 -4 -4 -3 -3 -2 -2 -2 -1 ------------ Run | Yrd Mat Sub Rec Scr Fac Was Fac Ext Cet Arc Hub Fac Was Fac Upp Upp Zhi Pro Fac Arm Lab Res Tes Res Qua Sec Acc Used RIF Installer . | . . . . . . . . . . . . . . . . . . . . . . . . . . . . Robots Hacked 12 | . . . . . . . 1 2 . 2 . . . 1 1 . 4 . . 1 . . . . . . . Non-combat 4 | . . . . . . . . 2 . 2 . . . . . . . . . . . . . . . . . Combat 4 | . . . . . . . . . . . . . . . . . 4 . . . . . . . . . . Robot Hacks Applied 8 | . . . . . . . . 2 . 2 . . . . . . 4 . . . . . . . . . . parse_system 4 | . . . . . . . . . . . . . . . . . 4 . . . . . . . . . . no_distress 2 | . . . . . . . . 2 . . . . . . . . . . . . . . . . . . . check_alert 2 | . . . . . . . . . . 2 . . . . . . . . . . . . . . . . . Manual 4 | . . . . . . . 1 . . . . . . 1 1 . . . . 1 . . . . . . . Relay Couplers Released . | . . . . . . . . . . . . . . . . . . . . . . . . . . . . Fabnet Peak Effective % . | . . . . . . . . . . . . . . . . . . . . . . . . . . . . Robots Rewired 12 | . . . . . . . . 9 . . . 1 . . . . . . . . . . . 2 . . . Allies Hacked . | . . . . . . . . . . . . . . . . . . . . . . . . . . . . Hacks Repelled . | . . . . . . . . . . . . . . . . . . . . . . . . . . . . Allies | -11 -10 -10 -9 -9 -6 -6 -6 -6 -6 -6 -6 -5 -5 -5 -5 -5 -5 -4 -4 -4 -4 -3 -3 -2 -2 -2 -1 -------- Run | Yrd Mat Sub Rec Scr Fac Was Fac Ext Cet Arc Hub Fac Was Fac Upp Upp Zhi Pro Fac Arm Lab Res Tes Res Qua Sec Acc Total Allies 78 | . 1 . . . 1 . 2 22 . . . 1 18 1 . . . . 1 2 . 1 . 2 2 16 8 Largest Group 18 | . 1 . . . 1 . 1 9 9 2 . 1 18 17 8 7 7 1 1 1 . 1 . 1 2 13 8 Highest-Rated Group 1378 | . 10 . . . 26 . 14 299 269 65 . 29 656 620 285 260 260 50 26 26 . 45 . 44 52 1378 1204 Highest-Rated Ally 1204 | . 10 . . . 26 . 14 159 39 34 . 29 50 50 50 50 50 50 26 26 . 45 . 44 26 1204 1204 Total Orders 4 | . . . . . . . 2 . . . . . . . . . . . . . . 2 . . . . . STAY 2 | . . . . . . . 1 . . . . . . . . . . . . . . 1 . . . . . FOLLOW 2 | . . . . . . . 1 . . . . . . . . . . . . . . 1 . . . . . Ally Attacks 574 | . . . . . . . . 125 49 9 . . 138 63 22 . 9 1 . . . . . 2 . 115 41 Total Damage 24677 | . . . . . . . . 2476 879 131 . . 4890 1438 1836 . 302 265 . . . . . 20 . 8998 3442 Kills 99 | . . . . . . . . 22 4 . . . 8 10 12 . . 3 . . . . . . . 28 12 Allies Corrupted 1 | . 1 . . . . . . . . . . . . . . . . . . . . . . . . . . Allies Melted 2 | . . . . . . . . . . . . . . 1 . . 1 . . . . . . . . . . Intel | -11 -10 -10 -9 -9 -6 -6 -6 -6 -6 -6 -6 -5 -5 -5 -5 -5 -5 -4 -4 -4 -4 -3 -3 -2 -2 -2 -1 ------- Run | Yrd Mat Sub Rec Scr Fac Was Fac Ext Cet Arc Hub Fac Was Fac Upp Upp Zhi Pro Fac Arm Lab Res Tes Res Qua Sec Acc Active Infowar (turns) 10158 | 23 588 1876 . . 543 16 581 617 258 276 120 346 156 192 349 134 113 212 403 257 81 660 460 892 397 361 247 Optics 4932 | . . 577 . . 483 16 581 617 258 276 120 346 156 192 349 134 113 212 139 . . . . . . 116 247 Sensors 6275 | . . . . . 535 16 579 267 . . . 318 156 192 349 134 113 212 364 257 81 660 460 892 397 222 71 Terrain 1910 | 23 588 1299 . . . . . . . . . . . . . . . . . . . . . . . . . Structural 6984 | . . . . . 542 16 194 617 252 276 120 320 156 192 349 134 113 212 403 256 77 660 460 892 397 245 101 T.N.C. 116 | . . . . . . . . . . . . . . . . . . . . . . . . 116 . . . Robot Analysis Total 14 | . 2 . . . . . . . . . . . . . . . 4 . 1 . . 2 1 2 1 1 . Derelict Logs Recovered 12 | . . 2 . 5 . . . . . . . . . . 2 1 . 2 . . . . . . . . . Drone Launches . | . . . . . . . . . . . . . . . . . . . . . . . . . . . . Drone Recoveries . | . . . . . . . . . . . . . . . . . . . . . . . . . . . . Exploration | -11 -10 -10 -9 -9 -6 -6 -6 -6 -6 -6 -6 -5 -5 -5 -5 -5 -5 -4 -4 -4 -4 -3 -3 -2 -2 -2 -1 ------------- Run | Yrd Mat Sub Rec Scr Fac Was Fac Ext Cet Arc Hub Fac Was Fac Upp Upp Zhi Pro Fac Arm Lab Res Tes Res Qua Sec Acc Turns Passed 15354 | 93 588 3506 757 2602 584 16 581 617 258 276 120 346 156 192 349 134 113 212 403 257 81 660 460 892 397 455 249 Spaces Moved 18083 | 49 405 2149 453 1084 1201 59 1094 667 158 246 211 551 218 359 579 204 254 463 654 588 192 1076 924 2051 672 858 664 Core 79 | 3 . . . . . . . . . . 3 65 . . . . . . . . . . . . . . 8 Treads 490 | . 8 . . 392 2 . . . 73 15 . . . . . . . . . . . . . . . . . Legs . | . . . . . . . . . . . . . . . . . . . . . . . . . . . . Wheels 3737 | 46 397 2149 453 692 . . . . . . . . . . . . . . . . . . . . . . . Hover 419 | . . . . . . . . . . 211 208 . . . . . . . . . . . . . . . . Flight 13358 | . . . . . 1199 59 1094 667 85 20 . 486 218 359 579 204 254 463 654 588 192 1076 924 2051 672 858 656 Fastest Speed 11 | 50 80 95 140 170 27 27 24 27 29 32 44 31 31 31 27 31 22 22 22 23 23 23 23 11 13 23 14 Average Speed 57 | 96 91 125 155 238 31 27 26 27 133 61 44 36 34 35 30 31 24 23 22 24 23 23 23 24 22 25 21 Slowest Speed 360 | 100 160 170 170 360 360 27 29 29 160 160 116 117 37 37 31 31 31 25 26 26 23 102 24 26 23 170 50 Overloaded Moves 19 | . . . . . . . . . . . . . . . . . . . . . . . . 8 11 . . Propulsion Burnouts . | . . . . . . . . . . . . . . . . . . . . . . . . . . . . Robots Hopped 140 | . . . . . 3 3 5 12 . . . 5 5 7 2 . . 1 6 1 . 1 11 30 7 17 24 Potential Cave-ins 2 | . . . . . . . . . . . 2 . . . . . . . . . . . . . . . . Cave-ins Triggered 2 | . . . . . . . . . . . 2 . . . . . . . . . . . . . . . . Teleports 2 | . . . . . . . . . . . . . . . . . . . . 1 . . . . . . 1 Exploration Rate (%) 56 | 4 82 97 94 83 31 76 38 85 55 99 19 12 90 9 73 42 90 62 28 44 91 29 59 42 65 69 23 Regions Visited 27 Branch Regions 16 Pre-discovered Areas 16 | . 1 . 2 . 2 . 4 . . . . . . . 2 . 3 1 . . . 1 . . . . . Known Exits Taken 18 | . . . . . . . 1 1 1 1 1 . . 1 1 1 1 1 1 1 1 1 1 1 1 1 . Unknown Exits Taken 5 | 1 1 1 1 1 . . . . . . . . . . . . . . . . . . . . . . . Scrap Searched 28 | . . 17 . 7 . . . . . . . . . . 2 . . 2 . . . . . . . . . Spaces Dug 186 | . 8 10 . . 20 . 8 2 . . 9 11 . 1 1 . . 5 11 10 . 14 19 29 10 9 9 Terrain Destroyed 296 | . 11 59 8 . 20 . 8 2 . 7 9 11 . 1 1 . 1 5 11 10 . 14 36 29 10 33 10 Melee 150 | . 2 . . . 20 . 8 2 . . 9 11 . 1 1 . . 5 11 9 . 14 9 29 10 9 . Projectile 61 | . 9 24 8 . . . . . . 7 . . . . . . 1 . . 1 . . . . . 1 10 AOE 85 | . . 35 . . . . . . . . . . . . . . . . . . . . 27 . . 23 . Terrain Rammed . | . . . . . . . . . . . . . . . . . . . . . . . . . . . . Walls Destroyed . | . . . . . . . . . . . . . . . . . . . . . . . . . . . . Machines Disabled . | . . . . . . . . . . . . . . . . . . . . . . . . . . . . Actions | -11 -10 -10 -9 -9 -6 -6 -6 -6 -6 -6 -6 -5 -5 -5 -5 -5 -5 -4 -4 -4 -4 -3 -3 -2 -2 -2 -1 --------- Run | Yrd Mat Sub Rec Scr Fac Was Fac Ext Cet Arc Hub Fac Was Fac Upp Upp Zhi Pro Fac Arm Lab Res Tes Res Qua Sec Acc Total 21879 | 70 523 2764 494 1101 1371 55 1345 1036 198 306 222 668 292 406 743 274 294 549 884 670 218 1432 1121 2299 883 952 709 Wait 2777 | . 41 444 36 5 107 . 209 298 27 . 1 87 80 42 158 69 14 76 182 45 1 317 164 171 183 9 11 Move 17803 | 48 404 2148 452 1083 1195 53 1083 645 157 245 209 541 209 347 575 203 253 460 641 585 191 1073 902 1993 658 826 624 Hop 115 | . . . . . 3 2 5 9 . . . 5 3 4 1 . . 1 6 1 . 1 10 27 6 15 16 Pick Up 85 | 3 7 17 1 9 4 . 5 3 . . . 2 . . 1 1 1 1 3 5 5 2 4 1 6 2 2 Fast Attach 137 | 6 4 11 . . 13 . 7 . 4 8 . 8 . 2 3 . 6 . 11 3 5 5 2 8 7 9 15 Attach 54 | . 4 2 . 1 7 . 2 2 . 1 . 6 . 3 1 . . . 4 1 1 2 . 2 1 8 6 Detach 29 | . 2 . . . 2 . . . . 2 . 4 . 1 1 . 2 . 3 . . 1 . 3 2 4 2 Swap 81 | . 3 23 . 1 2 . 7 3 3 4 . . . 1 . . 5 1 3 6 2 3 6 3 . 2 3 Drop 126 | . 6 20 . 2 15 . 9 2 2 7 1 . . . . 1 1 2 17 6 8 2 8 7 7 2 1 Fire 300 | 13 48 97 5 . . . . 1 5 23 . 1 . . . . 5 . 3 3 . . 8 19 . 45 24 Melee 321 | . 3 . . . 23 . 18 37 . 16 10 13 . 6 3 . 6 8 11 15 5 26 17 61 13 30 . Ram 6 | . 1 . . . . . . . . . . . . . . . . . . . . . . . . . 5 Kick . | . . . . . . . . . . . . . . . . . . . . . . . . . . . . Crush . | . . . . . . . . . . . . . . . . . . . . . . . . . . . . Escape Stasis 1 | . . . . . . . . . . . 1 . . . . . . . . . . . . . . . . Rewire 42 | . . . . . . . . 36 . . . 1 . . . . 1 . . . . . . 4 . . . Trap 2 | . . 2 . . . . . . . . . . . . . . . . . . . . . . . . . Miscellaneous . | . . . . . . . . . . . . . . . . . . . . . . . . . . . . Route ------- -11/Scrapyard -10/Materials (discovered 5 exits: [*Mat x3] / [*Min] / *Sub) -10/Subcaves (discovered 4 exits: *Mat x2 / *Rec / *Scr) -9/Recycling (discovered 2 exits: [*Fac] / *Scr) -9/Scraptown (discovered 2 exits: *Fac x2) -6/Factory (discovered 6 exits: *Fac x4 / Low / *Ext) -6/Waste -6/Factory (discovered 5 exits: *Fac / Low x2 / *Ext x2) -6/Extension (discovered 2 exits: *Fac / *Cet) -6/Cetus -6/Archives (discovered 3 exits: *Fac / *Hub x2) -6/Hub_04(d) (discovered 3 exits: *Fac x3) -5/Factory (discovered 2 exits: Upp x2) -5/Waste -5/Factory -5/Upper Caves -5/Upper Caves (discovered 2 exits: Fac / *Zhi) -5/Zhirov -4/Proximity Caves -4/Factory (discovered 4 exits: Res / Upp x2 / *Arm) -4/Armory -4/Lab -3/Research (discovered 5 exits: *Res x3 / *Tes x2) -3/Testing -2/Research (discovered 5 exits: Acc x3 / *Qua x2) -2/Quarantine (discovered 2 exits: *Sec / *Frg) -2/Section 7 -1/Access History --------- Turn | Location | Event 25 | -11/Scrapyard | Discovered new exit (range 15) 94 | -11/Scrapyard | Entered Materials 158 | -10/Materials | Discovered new exit (range 16) 336 | -10/Materials | Build established: Mutant 356 | -10/Materials | Lost 3 parts (1p2n) 379 | -10/Materials | Discovered new exit (range 7) 399 | -10/Materials | Discovered new exit (range 11) 481 | -10/Materials | Discovered new exit (range 14) 578 | -10/Materials | Discovered new exit (range 5) 682 | -10/Materials | Entered Subcaves 683 | -10/Subcaves | Approached by a straggling Scientist 743 | -10/Subcaves | Disturbed a concealed Subdweller 1022 | -10/Subcaves | Identified exit to Materials 1097 | -10/Subcaves | Scientist uncovered a shortcut to Scraptown 1576 | -10/Subcaves | Discovered new exit (range 9) 1730 | -10/Subcaves | A swath of the cavern ceiling suddenly collapsed 1919 | -10/Subcaves | Shifting Twisted Machinery released Sub. Optics 1924 | -10/Subcaves | Shifting Twisted Machinery released Enh. Flamer 1956 | -10/Subcaves | Ambushed by Subdwellers from Twisted Machinery 2000 | -10/Subcaves | Core integrity fell below 50% 2117 | -10/Subcaves | Visited Clippyterm 2121 | -10/Subcaves | Learned Research machine intel 2696 | -10/Subcaves | Shifting Twisted Machinery released Spk. Treads 2733 | -10/Subcaves | Build established: Scavenger-Mutant 2750 | -10/Subcaves | Shifting Twisted Machinery released Sub. Monowheel 2793 | -10/Subcaves | Shifting Twisted Machinery released Mak. Kinetic Plating 2820 | -10/Subcaves | A swath of the cavern ceiling suddenly collapsed 2833 | -10/Subcaves | Shifting Twisted Machinery released Spk. Treads 2934 | -10/Subcaves | Learned Materials non-interactive machine intel 2955 | -10/Subcaves | Visited 4L-MR0's lab 3275 | -10/Subcaves | Core integrity fell below 20% 3334 | -10/Subcaves | Build established: Derelict-Mutant 3553 | -10/Subcaves | Ambushed by Subdweller buried in earth 3735 | -10/Subcaves | Found Tower Shield 3736 | -10/Subcaves | Attached Tower Shield, gained temporary slots: Power, Propulsion x2, Utility x2, Weapon x2 4038 | -10/Subcaves | Discovered exit to Materials (range 7) 4056 | -10/Subcaves | Build established: Derelict-Tank 4188 | -10/Subcaves | Entered Recycling 4705 | -9/Recycling | Discovered new exit (range 13) 4905 | -9/Recycling | Scanned before Scraplab entrance 4928 | -9/Recycling | Entered Scraplab 4942 | -9/Recycling | Discovered new exit (range 3) 4945 | -9/Recycling | Entered Scraptown 5020 | -9/Scraptown | Visited Red Mages 5071 | -9/Scraptown | Visited Bundlers 5186 | -9/Scraptown | Scanned Subdweller tech in exchange for log data 5190 | -9/Scraptown | Learned Factory trap positions 5192 | -9/Scraptown | Learned Factory security intel 5193 | -9/Scraptown | Learned Factory stockpile data 5195 | -9/Scraptown | Learned Factory emergency access door positions 5197 | -9/Scraptown | Learned 8 Research zone layouts 5212 | -9/Scraptown | Discovered new exit (range 11) 5682 | -9/Scraptown | Visited UFD Registry 5682 | -9/Scraptown | Registered with UFD as "Piperigger" 5706 | -9/Scraptown | Visited Cyclists 5723 | -9/Scraptown | Entered Cyclist Reading Room 5762 | -9/Scraptown | Visited Symbiants 5852 | -9/Scraptown | Guru changed UFD alias to "Scrapripper" 6024 | -9/Scraptown | Visited Science Guys 6080 | -9/Scraptown | Visited Junk Repository 6159 | -9/Scraptown | Visited Research Penetration Think Tank 6559 | -9/Scraptown | Visited Chapter 10 6613 | -9/Scraptown | Visited Scrap Suit Storage 6695 | -9/Scraptown | Visited Derelict Rescue Squad 6749 | -9/Scraptown | Visited Abandonware Association 6785 | -9/Scraptown | Learned abandonware demo "REPAIR.EXE" 6785 | -9/Scraptown | Learned abandonware demo "MELTYB.EXE" 6793 | -9/Scraptown | Learned abandonware demo "OVRCLOCK.EXE" 6890 | -9/Scraptown | Visited A0-MCA Data Center 6911 | -9/Scraptown | Given a C rating by A0-MCA 6922 | -9/Scraptown | Found A0-MCA's Component Scanner 6999 | -9/Scraptown | Visited Curators Association 7533 | -9/Scraptown | Discovered new exit (range 3) 7547 | -9/Scraptown | Entered Factory 7547 | -6/Factory | Evolved 8 slots: Propulsion x4, Utility x4 7548 | -6/Factory | Loaded intel: 104 trap records 7664 | -6/Factory | Discovered new exit (range 14) 7666 | -6/Factory | Discovered new exit (range 20) 7921 | -6/Factory | Noticed a derelict Sapper rigging charges 7968 | -6/Factory | Identified exit to Lower Caves 7968 | -6/Factory | Identified exit to Factory 8005 | -6/Factory | Learned location of Upper Caves (-4) 8038 | -6/Factory | Discovered exit to Factory (range 5) 8050 | -6/Factory | Learned Hub_04(d) terminal intel 8059 | -6/Factory | Learned location of 1 exit from Lower Caves 8080 | -6/Factory | Loaded intel: 6 repair station locations 8110 | -6/Factory | Learned location of Hub_04(d) (-6) 8128 | -6/Factory | Build established: Hacker-Scout 8131 | -6/Factory | Sucked down chute 8131 | -6/Factory | Entered Waste 8131 | -6/Waste | Spotted C-40 Crusher 8135 | -6/Waste | Spotted C-40 Crusher 8137 | -6/Waste | Spotted C-40 Crusher 8137 | -6/Waste | Spotted C-40 Crusher 8141 | -6/Waste | Discovered new exit (range 22) 8143 | -6/Waste | Spotted C-40 Crusher 8143 | -6/Waste | Spotted C-40 Crusher 8146 | -6/Waste | EMP discharged 8146 | -6/Waste | System corruption reached 10% 8147 | -6/Waste | Identified exit to Factory 8147 | -6/Waste | Entered Factory 8368 | -6/Factory | Identified exit to Extension 8375 | -6/Factory | Discovered exit to Factory (range 4) 8469 | -6/Factory | Fabricated Mic. Antimatter Reactor (x2) 8482 | -6/Factory | Repaired Xenon Bombardment Thruster? 8511 | -6/Factory | Learned location of Proximity Caves (-6) 8514 | -6/Factory | Fabricated System Restoration Module (x2) 8549 | -6/Factory | Learned Hub_04(d) emergency access door positions 8566 | -6/Factory | Fabricated Nuclear Pulse Thruster (x2) 8577 | -6/Factory | Learned location of 1 exit from Hub_04(d) 8596 | -6/Factory | Learned location of 1 exit from Lower Caves 8607 | -6/Factory | Learned location of Zion (-6) 8629 | -6/Factory | Learned location of Cetus (-6) 8659 | -6/Factory | Learned location of 1 exit from Hub_04(d) 8699 | -6/Factory | Learned 4 Upper Caves zone layouts 8728 | -6/Factory | Entered Extension 8728 | -6/Extension | Accompanied by 1 ally 8765 | -6/Extension | Rescued a captive Derelict 8766 | -6/Extension | Rescued a captive Derelict 8769 | -6/Extension | Rescued A7 8784 | -6/Extension | Rescued a captive Derelict 8785 | -6/Extension | Rescued a captive Derelict 8833 | -6/Extension | Rescued a captive Derelict 8848 | -6/Extension | Lost 4 allies 8870 | -6/Extension | Spotted B-75 Beast 8871 | -6/Extension | Rescued a captive Derelict 8941 | -6/Extension | Lost 4 allies 8955 | -6/Extension | Spotted B-75 Beast 8971 | -6/Extension | Destroyed B-75 Beast 8991 | -6/Extension | Extracted ID and sensor layout for unrecognized location from A7's data core 8994 | -6/Extension | Found Prototype Protection 8999 | -6/Extension | Rescued a captive Derelict 9004 | -6/Extension | Rescued a captive Derelict 9006 | -6/Extension | Rescued a captive Derelict 9026 | -6/Extension | Identified Med. Regenerative Plating 9039 | -6/Extension | Lost 5 parts (3n1u1w) 9042 | -6/Extension | Rescued a captive Derelict 9047 | -6/Extension | Lost 4 allies 9047 | -6/Extension | Rescued a captive Derelict 9048 | -6/Extension | Rescued a captive Derelict 9049 | -6/Extension | Rescued a captive Derelict 9172 | -6/Extension | Discovered exit to Factory (range 10) 9172 | -6/Extension | Discovered new exit (range 6) 9174 | -6/Extension | Identified exit to Cetus 9345 | -6/Extension | Entered Cetus 9345 | -6/Cetus | Accompanied by 9 allies 9363 | -6/Cetus | Spotted Cetus Guard 9363 | -6/Cetus | Spotted Cetus Guard 9363 | -6/Cetus | Spotted Cetus Guard 9363 | -6/Cetus | Spotted Cetus Guard 9366 | -6/Cetus | Destroyed Cetus Guard 9385 | -6/Cetus | Allies destroyed Cetus Guard 9397 | -6/Cetus | Allies destroyed Cetus Guard 9401 | -6/Cetus | Allies destroyed Cetus Guard 9430 | -6/Cetus | Lost 7 allies 9568 | -6/Cetus | Discovered new exit (range 21) 9600 | -6/Cetus | Identified exit to Archives 9603 | -6/Cetus | Entered Archives 9603 | -6/Archives | Accompanied by 2 allies 9712 | -6/Archives | Discovered new exit (range 17) 9734 | -6/Archives | Discovered exit to Factory (range 18) 9742 | -6/Archives | Discovered new exit (range 17) 9834 | -6/Archives | Unable to access archive contents 9878 | -6/Archives | Identified exit to Hub_04(d) 9879 | -6/Archives | Entered Hub_04(d) 9882 | -6/Hub_04(d) | Loaded intel: 16 terminal locations 9950 | -6/Hub_04(d) | Discovered exit to Factory (range 9) 9975 | -6/Hub_04(d) | Network Hub disabled 9984 | -6/Hub_04(d) | Crushed by falling debris 9984 | -6/Hub_04(d) | Spotted Lightning 9984 | -6/Hub_04(d) | Spotted Lightning 9986 | -6/Hub_04(d) | Spotted Lightning 9994 | -6/Hub_04(d) | Crushed by falling debris 9996 | -6/Hub_04(d) | Core integrity fell below 50% 9999 | -6/Hub_04(d) | Entered Factory 9999 | -5/Factory | Evolved 2 slots: Propulsion x1, Utility x1 10000 | -5/Factory | Identified exit to Upper Caves 10028 | -5/Factory | Lost 11 parts (1p6n3u1w) 10062 | -5/Factory | Fabricated Nuclear Pulse Thruster (x2) 10105 | -5/Factory | Repaired Structural Scanner 10286 | -5/Factory | Build established: Scout 10305 | -5/Factory | Repaired Nuclear Pulse Array? 10345 | -5/Factory | Sucked down chute 10345 | -5/Factory | Entered Waste 10353 | -5/Waste | Spotted C-40 Crusher 10355 | -5/Waste | Spotted C-40 Crusher 10356 | -5/Waste | Spotted C-40 Crusher 10357 | -5/Waste | Spotted C-40 Crusher 10358 | -5/Waste | Spotted C-40 Crusher 10359 | -5/Waste | Discovered new exit (range 21) 10361 | -5/Waste | Spotted C-40 Crusher 10373 | -5/Waste | Crushed by Compactor (1 part destroyed, 1 dropped) 10387 | -5/Waste | Warlord forces began an assault 10399 | -5/Waste | Allies destroyed C-40 Crusher 10410 | -5/Waste | Allies destroyed C-40 Crusher 10413 | -5/Waste | Allies destroyed C-40 Crusher 10414 | -5/Waste | Allies destroyed C-40 Crusher 10418 | -5/Waste | Allies destroyed C-40 Crusher 10427 | -5/Waste | Allies destroyed C-40 Crusher 10444 | -5/Waste | Identified exit to Factory 10501 | -5/Waste | Entered Factory 10501 | -5/Factory | Accompanied by 16 allies 10574 | -5/Factory | Discovered exit to Upper Caves (range 6) 10688 | -5/Factory | Lost 4 allies 10693 | -5/Factory | Entered Upper Caves 10693 | -5/Upper Caves | Accompanied by 8 allies 10734 | -5/Upper Caves | Learned location of Armory (-4) 10734 | -5/Upper Caves | Identified exit to Upper Caves 10734 | -5/Upper Caves | Learned location of 1 exit from Upper Caves 10734 | -5/Upper Caves | Learned Factory trap positions 10734 | -5/Upper Caves | Learned Factory stockpile data 10734 | -5/Upper Caves | Learned Research garrison access intel 10742 | -5/Upper Caves | Attracted the attention of an 0b10 base 10834 | -5/Upper Caves | Spotted B-75 Beast 10841 | -5/Upper Caves | Build established: Scavenger-Scout 10843 | -5/Upper Caves | Allies destroyed B-75 Beast 10934 | -5/Upper Caves | Found Alien Artifact 10934 | -5/Upper Caves | Identified Core Expander 10934 | -5/Upper Caves | Installed Core Expander, added new Utility slot 10937 | -5/Upper Caves | Learned Factory emergency access door positions 11042 | -5/Upper Caves | Entered another Upper Caves area 11042 | -5/Upper Caves | Accompanied by 7 allies 11043 | -5/Upper Caves | Identified exit to Factory 11044 | -5/Upper Caves | Identified exit to Zhirov 11063 | -5/Upper Caves | Learned location of 1 exit from Factory 11176 | -5/Upper Caves | Entered Zhirov 11176 | -5/Zhirov | Accompanied by 7 allies 11176 | -5/Zhirov | Discovered new exit (range 4) 11178 | -5/Zhirov | Identified exit to Proximity Caves 11183 | -5/Zhirov | Met Zhirov 11195 | -5/Zhirov | Found Alien Artifact 11195 | -5/Zhirov | Identified Integrated Reactor 11195 | -5/Zhirov | Installed Integrated Reactor, increased core energy generation (+10) 11216 | -5/Zhirov | Found Alien Artifact 11222 | -5/Zhirov | Learned location of Testing (-3) 11222 | -5/Zhirov | Learned location of Command (-1) 11223 | -5/Zhirov | Zhirov requested help retrieving the SGEMP Prototype 11234 | -5/Zhirov | Cloak Generator disabled 11234 | -5/Zhirov | Attacked by Zhirov 11245 | -5/Zhirov | Enhanced Grunts warped into view 11252 | -5/Zhirov | Zhirov warped through subspace 11260 | -5/Zhirov | Zhirov detonated his lab 11289 | -5/Zhirov | Entered Proximity Caves 11289 | -4/Proximity Caves | Accompanied by 1 ally 11291 | -4/Proximity Caves | Lost 6 allies 11301 | -4/Proximity Caves | Acquired the password to a Derelict Tinkerer's latest research 11305 | -4/Proximity Caves | Found Prototype Special Weapon 11324 | -4/Proximity Caves | Spotted B-86 Titan 11433 | -4/Proximity Caves | Caught by Unaware searching for contraband prototypes 11485 | -4/Proximity Caves | Learned Research security intel 11501 | -4/Proximity Caves | Entered Factory 11501 | -4/Factory | Evolved 2 slots: Power x1, Propulsion x1 11502 | -4/Factory | Identified exit to Research 11503 | -4/Factory | Loaded intel: 120 trap records 11518 | -4/Factory | Identified Molecular Deconstructor 11640 | -4/Factory | Fabricated Exp. Heat Sink (x1) 11742 | -4/Factory | Repaired Mic. Fission Core 11802 | -4/Factory | Build established: Hacker-Scout 11850 | -4/Factory | Identified exit to Upper Caves 11850 | -4/Factory | Identified exit to Armory 11861 | -4/Factory | Central database locked down 11861 | -4/Factory | Central database locked down 11863 | -4/Factory | Found Prototype Device 11863 | -4/Factory | Identified Adv. EM Shield 11904 | -4/Factory | Entered Armory 12104 | -4/Armory | Spotted B-86 Titan 12122 | -4/Armory | Identified Transdimensional Reconstructor 12122 | -4/Armory | Warped through subspace to slip node 12122 | -4/Armory | Discovered new exit (range 1) 12122 | -4/Armory | Identified exit to Lab 12161 | -4/Armory | Entered Lab 12161 | -4/Lab | Discovered exit to Research (range 10) 12164 | -4/Lab | Hidden lab's door opened automatically 12164 | -4/Lab | Sensor layout match revealed 12165 | -4/Lab | Gained access to the hidden lab's interior 12176 | -4/Lab | Found Core Expander 12180 | -4/Lab | Found Integrated Reactor 12180 | -4/Lab | Installed Integrated Reactor, increased core energy generation (+10) 12193 | -4/Lab | Found Transdimensional Reconstructor 12199 | -4/Lab | Found Alien Artifact 12207 | -4/Lab | Found Deep Network Scanner 12216 | -4/Lab | Found Prototype Special Weapon 12216 | -4/Lab | Identified Gui. Remote Datajack 12221 | -4/Lab | Found Prototype Energy Gun 12221 | -4/Lab | Identified Tachyon Dispersion Ray 12235 | -4/Lab | Identified Core Reset Matrix 12235 | -4/Lab | Used Core Reset Matrix 12242 | -4/Lab | Entered Research 12242 | -3/Research | Evolved 2 slots: Utility x2 12281 | -3/Research | Found Exp. Signal Interpreter 12303 | -3/Research | Found Hellfire Missile Launcher 12400 | -3/Research | Spotted B-86 Titan 12432 | -3/Research | Identified exit to Research 12432 | -3/Research | Identified exit to Testing 12526 | -3/Research | Learned Testing scanalyzer intel 12722 | -3/Research | Learned Access garrison access intel 12890 | -3/Research | Learned Quarantine terminal intel 12902 | -3/Research | Entered Testing 12903 | -3/Testing | Loaded intel: 3 scanalyzer locations 13046 | -3/Testing | Spotted PH-TERYPZ8RKA 13053 | -3/Testing | Protovariant out of control (PH-TERYPZ8RKA) 13053 | -3/Testing | Unleashed a protovariant (PH-TERYPZ8RKA) 13145 | -3/Testing | Spotted Investigator 13252 | -3/Testing | Learned Access scanalyzer intel 13252 | -3/Testing | Found Tachyon Dispersion Ray 13330 | -3/Testing | Learned 4 Research zone layouts 13352 | -3/Testing | Found Ghost Barrier 13362 | -3/Testing | Entered Research 13362 | -2/Research | Evolved 2 slots: Utility x2 13378 | -2/Research | Identified exit to Quarantine 13448 | -2/Research | Repaired Mic. Antimatter Reactor 13490 | -2/Research | Found Exp. Hacking Suite 13573 | -2/Research | Identified exit to Access 13650 | -2/Research | Learned 4 Access zone layouts 13668 | -2/Research | Fabricated Adv. Gravity Neutralizer (x1) 13690 | -2/Research | Build established: Wizard-Scout 13762 | -2/Research | Learned Access trap positions 13831 | -2/Research | Learned 4 Research zone layouts 13875 | -2/Research | Learned Access garrison access intel 13914 | -2/Research | Learned location of 1 exit from Research 13965 | -2/Research | Learned Access stockpile data 14254 | -2/Research | Entered Quarantine 14255 | -2/Quarantine | Detected hypermatrix surge 14255 | -2/Quarantine | Sensed 5 artifacts in vicinity 14255 | -2/Quarantine | Loaded intel: 14 terminal locations 14288 | -2/Quarantine | Found Sigix Broadsword 14311 | -2/Quarantine | Found Core Reset Matrix 14314 | -2/Quarantine | Sensed 3 artifacts in vicinity 14349 | -2/Quarantine | Repaired Mic. Antimatter Reactor 14371 | -2/Quarantine | Repaired Field Propulsion Array 14391 | -2/Quarantine | Identified exit to Section 7 14392 | -2/Quarantine | Repaired Field Propulsion Array 14396 | -2/Quarantine | Met incapacitated Sigix Warrior 14396 | -2/Quarantine | Lockdown squad dispatched 14397 | -2/Quarantine | Acquired the access code to the Sigix quarantine chamber 14397 | -2/Quarantine | Unlocked Sigix quarantine chamber 14398 | -2/Quarantine | Found Sigix Containment Pod 14443 | -2/Quarantine | Spotted Alpha 7 14448 | -2/Quarantine | Found Sigix Terminator 14488 | -2/Quarantine | Found Subatomic Replicator 14490 | -2/Quarantine | Used Subatomic Replicator to replicate Sigix Containment Pod 14517 | -2/Quarantine | Spotted Fortress 14532 | -2/Quarantine | Discovered new exit (range 6) 14534 | -2/Quarantine | Identified exit to Protoforge 14651 | -2/Quarantine | Entered Section 7 14652 | -2/Section 7 | Detected hypermatrix surge 14652 | -2/Section 7 | Sensed 23 artifacts in vicinity 14666 | -2/Section 7 | Found Integrated Dissipator 14666 | -2/Section 7 | Installed Integrated Dissipator, increased core heat dissipation (+20) 14672 | -2/Section 7 | Central database locked down 14678 | -2/Section 7 | Spotted S7 Guard 14725 | -2/Section 7 | Spotted S7 Guard 14734 | -2/Section 7 | Found Integrated Thermoelectric Network 14734 | -2/Section 7 | Installed Integrated Thermoelectric Network, gained heat-energy exchange potential 14737 | -2/Section 7 | Spotted B-90 Cyclops 14743 | -2/Section 7 | Scanned by Researcher 14746 | -2/Section 7 | Found Integrated Reactor 14746 | -2/Section 7 | Installed Integrated Reactor, increased core energy generation (+10) 14776 | -2/Section 7 | Spotted Alpha 7 14778 | -2/Section 7 | Spotted Alpha 7 14778 | -2/Section 7 | Spotted S7 Guard 14783 | -2/Section 7 | Found Core Membrane 14783 | -2/Section 7 | Installed Core Membrane, gained immunity to corruption 14793 | -2/Section 7 | Spotted B-99 Colossus 14809 | -2/Section 7 | Activated Sigix Exoskeleton 14809 | -2/Section 7 | Received instructions from Sigix Warrior 14812 | -2/Section 7 | Spotted Executioner 14866 | -2/Section 7 | Found Sigix Sheargun 14868 | -2/Section 7 | Found Sigix Sheargun 14870 | -2/Section 7 | Found Sigix Sheargun 14881 | -2/Section 7 | Spotted Executioner 14882 | -2/Section 7 | Allies destroyed Executioner 14882 | -2/Section 7 | Allies destroyed Executioner 14895 | -2/Section 7 | Found Exp. Core Analyzer 14897 | -2/Section 7 | Allies destroyed Alpha 7 14903 | -2/Section 7 | Sigix Exoskeleton integrity reduced to 80% 14905 | -2/Section 7 | Allies destroyed Alpha 7 14916 | -2/Section 7 | Intercept squad dispatched 14924 | -2/Section 7 | Spotted Executioner 14924 | -2/Section 7 | Spotted Executioner 14935 | -2/Section 7 | Destroyed Executioner 14938 | -2/Section 7 | Spotted Tracker 14940 | -2/Section 7 | Spotted Tracker 14940 | -2/Section 7 | Destroyed Tracker 14949 | -2/Section 7 | Allies destroyed Tracker 14961 | -2/Section 7 | Allies destroyed S7 Guard 14985 | -2/Section 7 | Allies destroyed Executioner 14987 | -2/Section 7 | Found Exp. Core Analyzer 14992 | -2/Section 7 | Spotted Combat Programmer 14999 | -2/Section 7 | Found Exp. Targeting Computer 15006 | -2/Section 7 | Destroyed Combat Programmer 15008 | -2/Section 7 | Sigix Exoskeleton integrity reduced to 60% 15031 | -2/Section 7 | Spotted Investigator 15033 | -2/Section 7 | Spotted Executioner 15037 | -2/Section 7 | Destroyed Investigator 15042 | -2/Section 7 | Destroyed Executioner 15047 | -2/Section 7 | Installed Core Expander, added new Weapon slot 15058 | -2/Section 7 | Assembled infested ambush trap array 15063 | -2/Section 7 | Destroyed 24 combat bots 15098 | -2/Section 7 | Spotted Executioner 15100 | -2/Section 7 | Spotted Executioner 15102 | -2/Section 7 | Spotted Executioner 15102 | -2/Section 7 | Spotted Executioner 15106 | -2/Section 7 | Entered Access 15106 | -1/Access | Accompanied by 1 ally (Sigix Warrior) 15106 | -1/Access | Evolved 1 slot: Propulsion x1 15137 | -1/Access | Lost 10 parts (2p3n3u2w) 15170 | -1/Access | Spotted B-99 Colossus 15261 | -1/Access | Sigix Exoskeleton integrity reduced to 40% 15298 | -1/Access | Spotted B-99 Colossus 15299 | -1/Access | Spotted B-99 Colossus 15316 | -1/Access | Sigix Exoskeleton integrity reduced to 20% 15317 | -1/Access | Garrison activated, responded to threat 15317 | -1/Access | Warped through subspace 15319 | -1/Access | Intercept squad dispatched 15332 | -1/Access | Spotted Investigator 15333 | -1/Access | Core integrity fell below 50% 15340 | -1/Access | Emitted hypermatrix ping 15345 | -1/Access | Assembled emerged from beneath the floor 15345 | -1/Access | Core integrity fell below 20% 15347 | -1/Access | Spotted Tracker 15349 | -1/Access | Spotted Tracker 15353 | -1/Access | Spotted Combat Programmer 15355 | -1/Access | Destroyed by B-99 Colossus with Linear Accelerator Last Messages --------------- 15351_ as-07210 Asb. Hover System temporarily disabled. 15351_ as-07210 destroyed. 15351_ Slug penetrates Reinforced Barrier. 15352_ Slammed into Tracker. 15352_ Slug penetrates as-34581. 15352_ G-73 Enforcer suffers critical hit (Destroy). 15352_ G-73 Enforcer destroyed. 15352_ Slug penetrates Sealed Heavy Doors. 15353_ B-99 Colossus exits siege mode. 15353_ Slammed into Tracker. 15353_ as-34581 destroyed. 15353_ L-61 Swordsman knocked back. 15353_ Exp. Optical Array destroyed. 15353_ Core Membrane filtered system corruption (4). 15353_ Slug penetrates Sealed Heavy Doors. 15355_ Slammed into Tracker. 15355_ Knocked back. Map ----- +----------------------------------------------------+ | ]] ############ """ ""## | | ########"#"" ]] !############ """ ""## | | #########"%%" ]] # # ! " ""## | | ##########"" # # S## | | ### # ""G"" # ""## | | +#+### %%# " " + ""## | | # " " " = # ! ""## | | + """" ! %# #! ## | | # """""" ==[% # # ## | | # ""F "" %*%= # """""" ###+##+######## | | # ""= ![[ % # """""" ### ######## | | # /%= % # """""" ### ##?????? | | # * !]] # """"" ### ######## | | # !]] b/ """ " ### ######## | | ###### ]]BB%g#i= % ### # # | | ######"""+##### ##;BB b;u ! % ### # # | | ???? # ### Y;! ! | ### + # | | ????? ?????? ###### c;;];##%####"## # # | | ?????????????"### p * Y########### #! # | | ???????????????## =hggY#????????## # # | | ???????????????## BB = Y #?????##### ####"### | | ???????????????## BB g lh #?????##### ##### | | ???????????????## %BB%#?????## #####![/ | | ???????????????## % BBs#???#### ######"####![/ | | ???????????????## gl%s#???#### ### ##![/ | | ???????????????##""""""""@"#???## # ## | | ???????????????##"?????"%%"????## # ## | | ???????????????????????""""????## + ## | | ???????????????????????????????## # ## | | ???????????????????????????????## # ##### | | ###????????????????????????????#### #########"# | | ###???##########???????????????#### ########### | | ##???##########?????????????????## ########### | | # ? """S""" ##????????????####### | | # ? """ """ ##????????????#######"# | | # ? ##???????????### # | | # ##???????????### # | | # #???????????##" / | | # """"" ##""""""""""""#" # " | | #"""""""" [ ###"" ### ##%# | | #"""""""" ###"" ### ##"######### # | | # """"" ###"" ###########%######### # | | # ?? ###T ###########"##?????##+# | | # ???? ###"" ##?????####%## ???? # | | # ###"" ###########"## ???????? | | #########+#+#####"" ######### # ???????? | | # ?????? # | | % / # | | #+################################## # # | | ############################### ## ????? # | +----------------------------------------------------+ Best States ------------- Heat Dissipation 110 Energy Generation 79 Energy Capacity 380 Matter Stores 300 Matter Capacity 300 Sight Range 23 Robot Scan Range 18 Terrain Scan Range 16 Terrain Scan Density 85 Power Amplification 30 Additional Mass Support 16 Corruption Block 20 Armor Coverage 2100 Resistance: KI 10 Evasion (%) 67 Targeting Accuracy 12 Melee Accuracy 6 Core Analysis 8 Recoil Reduction 3 Matter Filtering 50 Offensive Hacking 55 Defensive Hacking 20 Authchip Count 2 Item Schematics ----------------- None Robot Schematics ------------------ None Fabricated ------------ Mic. Antimatter Reactor | x2 | -6/Factory | Preloaded System Restoration Module | x2 | -6/Factory | Authchip Nuclear Pulse Thruster | x2 | -6/Factory | Authchip Nuclear Pulse Thruster | x2 | -5/Factory Exp. Heat Sink | x1 | -4/Factory Adv. Gravity Neutralizer | x1 | -2/Research Repaired ---------- Xenon Bombardment Thruster | 73% | -6/Factory Structural Scanner | 20% | -5/Factory Nuclear Pulse Array | 22% | -5/Factory Mic. Fission Core | 16% | -4/Factory Mic. Antimatter Reactor | 34% | -2/Research Mic. Antimatter Reactor | 22% | -2/Quarantine Field Propulsion Array | 24% | -2/Quarantine Field Propulsion Array | 26% | -2/Quarantine Alien Tech Used ----------------- Core Expander Integrated Reactor Transdimensional Reconstructor Core Reset Matrix Sigix Broadsword Subatomic Replicator Integrated Dissipator Integrated Thermoelectric Network Core Membrane Sigix Sheargun Achievements -------------- Everyone Must Die Exposed Challenges ------------ None Game ------ Seed DynamicMissileTrident Manual? 0 Play Time 04:13:10 Cumulative 451.5 hours Start 2025.08.10 @ 17:09:34 End 2025.08.11 @ 14:39:42 Sessions 5 Manual Loads 0 Difficulty Rogue Special Mode None Game No. 199 Rogue 199 Adventurer 0 Explorer 0 Win Type - Total 30 Types 12/2/5/2/5/1/0/2/0/1 Lore% 94 Gallery% 85 Achievement% 79 Wizard Run 0 Options --------- Layout 1 ASCII 0 Keyboard 0 Movement Numpad Keybinds 0 Fullscreen 1 Font 24/Smallcaps Map View 50x35 Zoom Use 0% Tactical HUD 1 Map Filters NONE Filters NONE Steam 1 RUN: dccbd9b8-8760-4a02-9de6-c195e5afc3c2